Workbook

Sheet 2024-25
A1: GOVERNMENT OF KARNATAKA, PIU - STATE HIGHWAY DEVELOPMENT PROJECT, K.R.CIRCLE, BANGALORE
A2: Package wise Details of Phase-4 Stage-2
A3: As on 28th FEBURARY 2026
A4: 1 | B4: 2 | D4: 3 | E4: 4 | F4: 5 | G4: 6 | I4: 7 | J4: 8 | K4: 9 | L4: 10 | O4: 11 | P4: 12 | Q4: 13 | R4: 14 | S4: 15 | T4: 16 | U4: 17 | V4: 18 | W4: 19 | X4: 20 | Y4: 21 | Z4: 22 | AA4: 23
A5: Sl No | B5: PKG No | D5: Name of Work | E5: SH/ MDR | F5: CER No | G5: Administrative Approved Amount (Rs. in lakhs) | H5: Total Package Cost (Rs. in lakhs) | I5: Technical sanctioned Amount (Rs. in lakhs) | J5: Contract Amount (in Lakhs) | K5: Variation Amount (Rs. in lakhs) | L5: Revised Contract Amount including VO (Rs. in lakhs) | M5: Revised Contract Amount With GST | N5: Revised Contract Amount +PMC cost With GST | O5: Name of Agency | P5: Stipulated Date | S5: Length Proposed as per DPR in Km | T5: Length Proposed as per VO in Km | U5: Physical Progress | W5: Balance Length ( Km ) | X5: Financial Progress | Z5: Balance (Financial amount) Rs. In Lakhs | AA5: Remarks | AY5: Revised Contract Amount +PMC cost With GST
P6: Commencement | Q6: Completion | R6: Revised Completion Date | U6: Total Length Completed (in km) | V6: % Progress | X6: Total Cost (Rs. In Lakhs) | Y6: % Progress
A7: Kalaburagi Circle
A8: Bidar Division
A9: 1 | B9: 429 | C9: A | D9: Improvements to SH-122 Maharastra Border Murki-Aurad-Handarki from Km 0.00 to Km 62.40 (in selected reaches) in Aurad Taluka of Bidar District. | E9: SH- 122 | F9: 9 | G9: 2300 | H9: 3300 | I9: 2847.57 | J9: 3360.22 | K9: 836.68 | L9: =K9+J9 -> 4196.9 | N9: =(I9*1.4%+L9)*1.18 -> 4999.3839 | O9: M/s JS Infra Private Ltd, | P9: 30.5.2022 | Q9: 30.11.2023 | R9: 30.08.2024 | S9: ='Width Wise'!F10 -> 9.7 | T9: ='Width Wise'!G10 -> 11.4 | U9: ='Width Wise'!L10 -> 11.4 | V9: =U9/T9 -> 1 | W9: =T9-U9 -> 0 | X9: 4124.96 | Y9: =X9/N9 -> 0.82509368 | Z9: =N9-X9 -> 874.42386 | AA9: Work completed | AC9: 1 | AJ9: 1 | AK9: 1890.9788 | AQ9: #N/A
C10: B | D10: Improvements to SH-34 Aurad - Sadashivagad, from Km 21.00 to Km 72.50 (in selected reaches) in Bhalki Taluka of Bidar District. | E10: SH-34 | F10: 18 | G10: 1000 | S10: ='Width Wise'!F11 -> 4.41 | T10: ='Width Wise'!G11 -> 6.04 | U10: ='Width Wise'!L11 -> 6.04 | V10: =U10/T10 -> 1 | W10: =T10-U10 -> 0 | AF10: Wrong Entry | AJ10: 2 | AK10: 2058.8756
A11: 2 | B11: 430 | D11: Improvements to road Rajeshwar to Mudbi New SH from Km 0.00 to Km 15.00 (in selected reaches) in Basavakalyan Taluka of Bidar District. | E11: New SH | F11: 22 | G11: 950 | H11: 950 | I11: 812.39 | J11: 974.88 | K11: 97.07 | L11: =K11+J11 -> 1071.95 | N11: =(I11*1.4%+L11)*1.18 -> 1278.3217 | O11: Sri. Prashanth Joshi M/s Santhosh Buildwel Infra Pvt Ltd., | P11: 44775 | Q11: 45231 | R11: 31.03.2025 | S11: ='Width Wise'!F12 -> 3.6 | T11: ='Width Wise'!G12 -> 3.6 | U11: ='Width Wise'!L12 -> 3.6 | V11: =U11/T11 -> 1 | W11: =T11-U11 -> 0 | X11: 1073.09 | Y11: =X11/N11 -> 0.83945224 | Z11: =N11-X11 -> 205.23168 | AA11: Work Completed | AC11: 2 | AJ11: 3 | AK11: 3050.1025
A12: =A11+1 -> 3 | B12: 601 | D12: Improvements to road SH-126 A.P Border with Putpak-Bhosaga from Km 147.20 to Km 156.00 (in selected reaches) in Basavakalyan Taluka of Bidar District. | E12: SH-126 | F12: 27 | G12: 1000 | H12: 1000 | I12: 860.46 | J12: 1035.9 | K12: 102.18 | L12: =K12+J12 -> 1138.08 | N12: =(I12*1.4%+L12)*1.18 -> 1357.1492 | O12: Sri. Narayan Rao Vittalrao Kulkarni, Bijapur | P12: 07.05.2022 | Q12: 06.04.2023 | S12: ='Width Wise'!F13 -> 4.5 | T12: ='Width Wise'!G13 -> 5.17 | U12: ='Width Wise'!L13 -> 5.17 | V12: =U12/T12 -> 1 | W12: =T12-U12 -> 0 | X12: 1326.03 | Y12: =X12/N12 -> 0.97707017 | Z12: =N12-X12 -> 31.119199 | AA12: Work Completed | AC12: 3 | AJ12: 4 | AK12: 1977.2878
A13: =A12+1 -> 4 | B13: 602 | D13: Improvements to SH-122 Maharastra Border -Murki-Aurad-Handarki from Km 117.80 to Km 123.31 (in selected reaches) in Chitaguppa Taluka of Bidar District | E13: SH -122 | F13: 30 | G13: 950 | H13: 950 | I13: 818.33 | J13: 965.64 | L13: =K13+J13 -> 965.64 | N13: =(I13*1.4%+L13)*1.18 -> 1152.974 | O13: Kotarki Laxman Sangamesh ( M/S Kotarki Constructions Private Limited) | P13: 44772 | Q13: 31.10.2024 | R13: 31.10.2024 | S13: ='Width Wise'!F14 -> 4 | T13: ='Width Wise'!G14 -> 4 | U13: ='Width Wise'!L14 -> 4 | V13: =U13/T13 -> 1 | W13: =T13-U13 -> 0 | X13: 787.49 | Y13: =X13/N13 -> 0.68300759 | Z13: =N13-X13 -> 365.48401 | AA13: Work Completed | AC13: 24 | AJ13: 5 | AK13: 2251.5457
D14: Division Total | G14: =SUM(G9:G13) -> 6200 | H14: =SUM(H9:H13) -> 6200 | I14: =SUM(I9:I13) -> 5338.75 | J14: =SUM(J9:J13) -> 6336.64 | K14: =SUM(K9:K13) -> 1035.93 | L14: =SUM(L9:L13) -> 7372.57 | N14: =SUM(N9:N13) -> 8787.8287 | S14: =SUM(S9:S13) -> 26.21 | T14: =SUM(T9:T13) -> 30.21 | U14: =SUM(U9:U13) -> 30.21 | W14: =SUM(W9:W13) -> 0 | X14: =SUM(X9:X13) -> 7311.57 | Z14: =SUM(Z9:Z13) -> 1476.2587 | AJ14: 6 | AK14: 2706.8361
A15: Kalaburagi Division | T15: ='Width Wise'!G16 -> 0 | AJ15: 7 | AK15: 2900.442
A16: 5 | B16: 431 | D16: Improvements to SH-124 Barkhed-Bilagi, from Km 0.00 to Km 71.15 (in selected reaches) in Aland Taluka of Kalaburagi District. (Via Bhimapur, Kamanalli, Lingadalli-Madan Hipparga-Nimbal) | E16: SH-124 | F16: 33 | G16: 2200 | H16: 2200 | I16: 1896.93 | J16: 2371.17 | L16: =K16+J16 -> 2371.17 | N16: =(I16*1.4%+L16)*1.18 -> 2829.3179 | O16: Sri. Shivkant C Mahajan, | P16: 44727 | Q16: 45274 | S16: ='Width Wise'!F17 -> 8.55 | T16: ='Width Wise'!G17 -> 8.55 | U16: ='Width Wise'!L17 -> 8.55 | V16: =U16/T16 -> 1 | W16: =T16-U16 -> 0 | X16: 2234.34 | Y16: =X16/N16 -> 0.78970978 | Z16: =N16-X16 -> 594.97788 | AA16: Work Completed.Final bill submitted | AC16: 4 | AJ16: 8 | AK16: 2939.4542
A17: 6 | B17: 432 | C17: A | D17: Improvements to road Bankalga cross to Mashal, MDR from Km 0.00 to Km 14.00 (in selected reaches) in Afzalpur Taluka of Kalaburagi District. | E17: AFZ204 | F17: 36 | G17: 500 | H17: 950 | I17: 815.4 | J17: 994.79 | K17: 98.91 | L17: =J17+K17 -> 1093.7 | M17: 1290.56 | N17: =(I17*1.4%+L17)*1.18 -> 1304.0364 | O17: Sri. Manzoor Ahmed Patel M/s M A P Construction, Kalaburagi | P17: 44702 | Q17: 30.11.2023 | S17: ='Width Wise'!F18 -> 2.92 | T17: ='Width Wise'!G18 -> 3.7 | U17: ='Width Wise'!L18 -> 3.7 | V17: =U17/T17 -> 1 | W17: =T17-U17 -> 0 | X17: 1293.47 | Y17: =X17/N17 -> 0.99189715 | Z17: =N17-X17 -> 10.566408 | AA17: Work Completed | AC17: 5 | AJ17: 9 | AK17: 2725.4484
C18: B | D18: Improvements to S.H-124 Barked-Bilagi from Km 102.00 to Km 108.00 (in selected reaches) in Afzalpur Taluka of Kalaburagi District. | E18: SH- 124 | F18: 44 | G18: 450 | S18: ='Width Wise'!F19 -> 1.93 | T18: ='Width Wise'!G19 -> 1.93 | U18: ='Width Wise'!L19 -> 1.93 | V18: =U18/T18 -> 1 | W18: =T18-U18 -> 0 | AJ18: 10 | AK18: 1771.5805
A19: 7 | B19: 603 | D19: Improvements to MDR from NH-218, Kattisangavi to Yenkanchi (SH-16) via Madari-Yengunta- Naribol-Biral(B)-Ganvar-Chigralli-ijeri-alur-kadkol-manashivanagi from Km 40.00 to 50.00 Km (in selected reaches) ( from chigralli cross to yedrami )in Jevargi Taluka of Kalaburagi District. | E19: JEW45 | F19: 45 | G19: 950 | H19: 950 | I19: 817.94 | J19: 940.64 | L19: =J19+K19 -> 940.64 | N19: =(I19*1.4%+L19)*1.18 -> 1123.4676 | O19: Sri. Mohammed Sirajuddin, Kalaburagai | P19: 21-5-2022 | Q19: 30.12.2023 | S19: ='Width Wise'!F20 -> 5.2 | T19: ='Width Wise'!G20 -> 5.2 | U19: ='Width Wise'!L20 -> 5.2 | V19: =U19/T19 -> 1 | W19: =T19-U19 -> 0 | X19: 809.57 | Y19: =X19/N19 -> 0.72059935 | Z19: =N19-X19 -> 313.89757 | AA19: Work Completed | AC19: 6 | AF19: =9.94-4.585 -> 5.355 | AJ19: 11 | AK19: 1671.2955
A20: 8 | B20: 433 | D20: Improvements to road from Kadagunchi-Bodana road (MDR) to Tonasalli (SH125), MDR from Km 0.00 to Km17.50 and Km 26.50 to Km 35.00 (in selected reaches) in Kalaburagi Taluka of Kalaburagi District. | E20: New MDR | F20: 50 | G20: 2100 | H20: 2100 | I20: 1808.92 | J20: 2261.15 | K20: 190.03 | L20: =J20+K20 -> 2451.18 | M20: 2892.39 | N20: =(I20*1.4%+L20)*1.18 -> 2922.2758 | O20: Sri. Shivkant C Mahajan, Kalaburagi | P20: 15-6.2022 | Q20: 30.08.2024 | S20: ='Width Wise'!F21 -> 9.935 | T20: ='Width Wise'!G21 -> 10.435 | U20: ='Width Wise'!L21 -> 9.935 | V20: =U20/T20 -> 0.95208433 | W20: =T20-U20 -> 0.5 | X20: 2036.35 | Y20: =X20/N20 -> 0.69683704 | Z20: =N20-X20 -> 885.92576 | AA20: 0.5km Road asphalting work & Furniture Work pending | AB20: 1 | AC20: A | AJ20: 12 | AK20: 1259.9329
A21: 9 | B21: 434 | C21: A | D21: Improvements to road Narona -Chinchansoor, MDR from Km 0.00 to Km 6.30 (in selected reaches) in Aland Taluka of Kalaburagi District. | E21: ALD11 | F21: 54 | G21: 400 | H21: 2250 | I21: 1935.72 | J21: 2414.5 | L21: =K21+J21 -> 2414.5 | N21: =(I21*1.4%+L21)*1.18 -> 2881.0881 | O21: Sri.Santosh Subhash Guttedar | P21: 44722 | Q21: 45269 | S21: ='Width Wise'!F22 -> 1.85 | T21: ='Width Wise'!G22 -> 1.85 | U21: ='Width Wise'!L22 -> 1.85 | V21: =U21/T21 -> 1 | W21: =T21-U21 -> 0 | X21: 1545.71 | Y21: =X21/N21 -> 0.53650216 | Z21: =N21-X21 -> 1335.3781 | AA21: Work Completed | AC21: 7 | AJ21: 13 | AK21: 1390.0602
C22: B | D22: Improvements to road from Malgathi cross to Bolewad via Nippani, MDR from Km 0.00 to Km 4.20 and Km 16.00 to Km 24.00 (in selected reaches) in Kalaburagi Taluka of Kalaburagi District. | E22: GUL205 | F22: 55 | G22: 1150 | S22: ='Width Wise'!F23 -> 3.92 | T22: ='Width Wise'!G23 -> 3.92 | U22: ='Width Wise'!L23 -> 3.92 | V22: =U22/T22 -> 1 | W22: =T22-U22 -> 0 | AJ22: 14 | AK22: 2220.5926
C23: C | D23: Improvements to road from Aurad B(on NH-218) to Jambga(B) (on SH-51) MDR from Km 0.00 to Km 10.70(in selected reaches) in Kalaburagi Taluka of Kalaburagi District. | E23: GUL15 | F23: 63 | G23: 700 | S23: ='Width Wise'!F24 -> 3.97 | T23: ='Width Wise'!G24 -> 3.97 | U23: ='Width Wise'!L24 -> 3.97 | V23: =U23/T23 -> 1 | W23: =T23-U23 -> 0 | AJ23: 15 | AK23: 2646.7122
D24: Kalaburagi Division Total | G24: =SUM(G16:G23) -> 8450 | H24: =SUM(H16:H23) -> 8450 | I24: =SUM(I16:I23) -> 7274.91 | J24: =SUM(J16:J23) -> 8982.25 | K24: =SUM(K16:K23) -> 288.94 | L24: =SUM(L16:L23) -> 9271.19 | M24: =SUM(M16:M23) -> 4182.95 | N24: =SUM(N16:N23) -> 11060.186 | S24: =SUM(S16:S23) -> 38.275 | T24: =SUM(T16:T23) -> 39.555 | U24: =SUM(U16:U23) -> 39.055 | W24: =SUM(W16:W23) -> 0.5 | X24: =SUM(X16:X23) -> 7919.44 | Z24: =SUM(Z16:Z23) -> 3140.7457 | AJ24: 16 | AK24: 1873.2053
A25: Sedam Division | T25: ='Width Wise'!G26 -> 0 | AJ25: 17 | AK25: 2916.0108
A26: 10 | B26: 435 | D26: Improvements to SH-122 Maharastra Border - Murki-Aurad-Handarki, from Km 153.80 to Km 164.00 Km and Km 207.00 to Km 218.77 (in selected reaches) in Sedam/ Chincholi Taluka of Kalaburagi District | E26: SH-122 | F26: 66 | G26: 2250 | H26: 2250 | I26: 1938.02 | J26: 2238.42 | K26: 217.96 | L26: =J26+K26 -> 2456.38 | M26: 2898.53 | N26: =(I26*1.4%+L26)*1.18 -> 2930.5445 | O26: Siddappagouda Patil | P26: 31.5.2022 | Q26: 30.06.2024 | S26: ='Width Wise'!F27 -> 11.81 | T26: ='Width Wise'!G27 -> 11.45 | U26: ='Width Wise'!L27 -> 11.45 | V26: =U26/T26 -> 1 | W26: =T26-U26 -> 0 | X26: 2471.12 | Y26: =X26/N26 -> 0.84322897 | Z26: =N26-X26 -> 459.42449 | AA26: Work Completed | AC26: 8 | AJ26: 18 | AK26: 2705.5646
A27: 11 | B27: 600 | D27: Improvements to SH-32 Umarga border-Aland-VK Salagar-Mahagaon -Sulepet road, from Km 80.00 to Km 118.00 via Herur Cross - Sulepet (in selected reaches) in Chincholi Taluka of Kalaburagi District. | E27: SH-32 | F27: 72 | G27: 2250 | H27: 2250 | I27: 1938.3 | J27: 2289.8 | K27: 209.42 | L27: =J27+K27 -> 2499.22 | N27: =(I27*1.4%+L27)*1.18 -> 2981.1003 | O27: M/s Sharada Construction Pvt Ltd | P27: 44727 | Q27: 01.05.2024 | S27: ='Width Wise'!F28 -> 13.83 | T27: ='Width Wise'!G28 -> 13.83 | U27: ='Width Wise'!L28 -> 13.83 | V27: =U27/T27 -> 1 | W27: =T27-U27 -> 0 | X27: 2319.54 | Y27: =X27/N27 -> 0.77808183 | Z27: =N27-X27 -> 661.56032 | AA27: Work Completed | AC27: 9 | AJ27: 19 | AK27: 2882.3884
A28: 12 | B28: 436 | D28: Improvements to SH -126 Telangana border - Putpak-Bhosaga,from Km 60.00 to Km 75.00 (Chittapur Bus Depot to Tengali Cross SH-10) (in selected reaches) in Chittapur Taluka of Kalaburagi District. | E28: SH-126 | F28: 77 | G28: 1000 | H28: 1000 | I28: 861.3 | J28: 981.02 | K28: 242.63 | L28: =J28+K28 -> 1223.65 | N28: =(I28*1.4%+L28)*1.18 -> 1458.1357 | O28: Manzoor Ahamed | P28: 44735 | Q28: 45068 | S28: ='Width Wise'!F29 -> 3.4 | T28: ='Width Wise'!G29 -> 4.32 | U28: ='Width Wise'!L29 -> 4.32 | V28: =U28/T28 -> 1 | W28: =T28-U28 -> 0 | X28: 1388.86 | Y28: =X28/N28 -> 0.95249024 | Z28: =N28-X28 -> 69.275676 | AA28: Work Completed | AC28: 10 | AJ28: 20 | AK28: 2826.6159
D29: Division Total | G29: =SUM(G26:G28) -> 5500 | H29: =SUM(H26:H28) -> 5500 | I29: =SUM(I26:I28) -> 4737.62 | J29: =SUM(J26:J28) -> 5509.24 | K29: =SUM(K26:K28) -> 670.01 | L29: =SUM(L26:L28) -> 6179.25 | M29: =SUM(M26:M28) -> 2898.53 | N29: =SUM(N26:N28) -> 7369.7805 | S29: =SUM(S26:S28) -> 29.04 | T29: ='Width Wise'!G30 -> 29.6 | U29: =SUM(U26:U28) -> 29.6 | W29: =SUM(W26:W28) -> 0 | X29: =SUM(X26:X28) -> 6179.52 | Z29: =SUM(Z26:Z28) -> 1190.2605 | AJ29: 21 | AK29: 3114.9369
A30: Yadgir Division | AJ30: 22 | AK30: 2921.4467
A31: 13 | B31: =B28+1 -> 437 | C31: A | D31: Improvements to road Maharastra Border to Raichur Border (Markel- Kollur-Bilihar) road, MDR from Km 3.00 Km 9.00 (in selected reaches) in Wadgera Taluka of Yadgir District. | E31: New SH | F31: 88 | G31: 860 | H31: 2150 | I31: 1851.53 | J31: 2090.18 | K31: 199.72 | L31: =J31+K31 -> 2289.9 | M31: 2702.08 | N31: =(I31*1.4%+L31)*1.18 -> 2732.6693 | O31: Shri.Siddappagouda Patil, Yadgir | P31: 44727 | Q31: 30.05.2024 | S31: ='Width Wise'!F32 -> 4.75 | T31: ='Width Wise'!G32 -> 4.75 | U31: ='Width Wise'!L32 -> 4.75 | V31: =U31/T31 -> 1 | W31: =T31-U31 -> 0 | X31: 2105.58 | Y31: =X31/N31 -> 0.77052134 | Z31: =N31-X31 -> 627.08928 | AA31: work completed | AD31: B | AJ31: 23 | AK31: 3168.9009
C32: B | D32: Improvements to road NH-150A to SH-127 Sangam-Raichur Border, MDR from Km16.30 to Km 57.00 (in selected reaches) in Wadgera Taluka of Yadgir District. | E32: SHA35 | F32: 90 | G32: 860 | S32: ='Width Wise'!F33 -> 4.95 | T32: ='Width Wise'!G33 -> 5.31 | U32: ='Width Wise'!L33 -> 5.31 | V32: =U32/T32 -> 1 | W32: =T32-U32 -> 0 | AA32: work completed | AJ32: 24 | AK32: 2191.5448
C33: C | D33: Improvements to road Kurakunda to Bilhar Via Hortur, Halgera, Godihal Kumanur, Arjunagi, Kandalli, MDR from Km 0.00 to Km 13.00 (in selected reaches) in Wadgera Taluka of Yadgir District. | E33: MDR | F33: 91 | G33: 430 | S33: ='Width Wise'!F34 -> 2.3 | T33: ='Width Wise'!G34 -> 2.3 | U33: ='Width Wise'!L34 -> 2.3 | V33: =U33/T33 -> 1 | W33: =T33-U33 -> 0 | AA33: Work completed | AJ33: 25 | AK33: 2469.9691
A34: 14 | B34: 438 | D34: Improvements to SH-16 Sindagi - Kodangal from Km 125.22 to KM 155.62 (in selected reaches) in Gurmitkal Taluka of Yadgir District. | E34: SH-16 | F34: 95 | G34: 950 | H34: 950 | I34: 816.04 | J34: 942.546 | K34: 91.62 | L34: =J34+K34 -> 1034.166 | N34: =(I34*1.4%+L34)*1.18 -> 1233.7969 | O34: Shri.Siddappagouda Patil, Yadgir | P34: 31.5.2022 | Q34: 30.06.204 | S34: ='Width Wise'!F35 -> 9.5 | T34: ='Width Wise'!G35 -> 11.7 | U34: ='Width Wise'!L35 -> 11.7 | V34: =U34/T34 -> 1 | W34: =T34-U34 -> 0 | X34: 945.58 | Y34: =X34/N34 -> 0.76639845 | Z34: =N34-X34 -> 288.21686 | AA34: Work completed | AC34: 11 | AJ34: 26 | AK34: 2117.5127
A35: =A34+1 -> 15 | B35: =B34+1 -> 439 | C35: A | D35: Improvements to road Devargonal to Gogi, MDR from Km 12.80 to Km 20.80 (in selected reaches) in Shahpur Taluka of Yadgir District. | E35: SHA55 | F35: 92 | G35: 700 | H35: =G35+G36 -> 950 | I35: 817.92 | J35: 977.38 | K35: 97.14 | L35: =J35+K35 -> 1074.52 | N35: =(I35*1.4%+L35)*1.18 -> 1281.4456 | O35: Shri.Chandrarayya, Yadgir | P35: 25.5.2022 | Q35: 24.4.2023 | S35: ='Width Wise'!F36 -> 3.82 | T35: ='Width Wise'!G36 -> 4.29 | U35: ='Width Wise'!L36 -> 4.29 | V35: =U35/T35 -> 1 | W35: =T35-U35 -> 0 | X35: 1163.13 | Y35: =X35/N35 -> 0.90767019 | Z35: =N35-X35 -> 118.31564 | AA35: Work Completed | AC35: 12 | AJ35: 27 | AK35: 2512.4155
C36: B | D36: Improvements to road Bheemarayan Gudi to Bijaspur, MDR from Km 10.00 to KM 17.50 (in selected reaches) in Shahpur Taluka of Yadgir District. | E36: SHA59 | F36: 93 | G36: 250 | S36: ='Width Wise'!F37 -> 1.5 | T36: ='Width Wise'!G37 -> 1.5 | U36: ='Width Wise'!L37 -> 1.5 | V36: =U36/T36 -> 1 | W36: =T36-U36 -> 0 | AJ36: 28 | AK36: 2202.5555
A37: =A35+1 -> 16 | B37: =B35+1 -> 440 | D37: Improvements to SH-155 from Pattan cross(SH-10) to Narayanapura dam Km110.00 to KM 167.30 (in selected reaches) in Shorapur Taluka of Yadgir District. | E37: SH-155 | F37: 94 | G37: 2700 | H37: 2700 | I37: 2323.03 | J37: 2760.38 | K37: 595.48 | L37: =J37+K37 -> 3355.86 | N37: =(I37*1.4%+L37)*1.18 -> 3998.2913 | O37: Sri. Basangouda Allikoti, Yadgir | P37: 44727 | Q37: 31.05.2024 | S37: ='Width Wise'!F38 -> 48.52 | T37: ='Width Wise'!G38 -> 15.87 | U37: ='Width Wise'!L38 -> 15.87 | V37: =U37/T37 -> 1 | W37: =T37-U37 -> 0 | X37: 2998.93 | Y37: =X37/N37 -> 0.75005291 | Z37: =N37-X37 -> 999.36126 | AA37: Road work completed | AC37: 13 | AJ37: 29 | AK37: 2070.9989
D38: Division Total | G38: =SUM(G31:G37) -> 6750 | H38: =SUM(H31:H37) -> 6750 | I38: =SUM(I31:I37) -> 5808.52 | J38: =SUM(J31:J37) -> 6770.486 | K38: =SUM(K31:K37) -> 983.96 | L38: =SUM(L31:L37) -> 7754.446 | M38: =SUM(M31:M37) -> 2702.08 | N38: =SUM(N31:N37) -> 9246.203 | S38: =SUM(S31:S37) -> 75.34 | T38: =SUM(T31:T37) -> 45.72 | U38: =SUM(U31:U37) -> 45.72 | W38: =SUM(W31:W37) -> 0 | X38: =SUM(X31:X37) -> 7213.22 | Z38: =SUM(Z31:Z37) -> 2032.983 | AJ38: 30 | AK38: 2710.9786
D39: Kalburgi Circle Total | G39: =G38+G29+G24+G14 -> 26900 | H39: =H38+H29+H24+H14 -> 26900 | I39: =I38+I29+I24+I14 -> 23159.8 | J39: =J38+J29+J24+J14 -> 27598.616 | K39: =K38+K29+K24+K14 -> 2978.84 | L39: =L38+L29+L24+L14 -> 30577.456 | M39: =M38+M29+M24+M14 -> 9783.56 | N39: =N38+N29+N24+N14 -> 36463.998 | S39: =S38+S29+S24+S14 -> 168.865 | T39: =T38+T29+T24+T14 -> 145.085 | U39: =U38+U29+U24+U14 -> 144.585 | W39: =W38+W29+W24+W14 -> 0.5 | X39: =X38+X29+X24+X14 -> 28623.75 | Z39: =Z38+Z29+Z24+Z14 -> 7840.248 | AJ39: 31 | AK39: 3572.5833
A40: Ballary Circle | AJ40: 32 | AK40: 3469.7752
A41: Ballary Division | AJ41: 33 | AK41: 2518.619
A42: 17 | B42: 441 | C42: A | D42: Improvements to MDR road of Ballary - Kalyanadurga Ch.0.80 km to 2.00 Km ( double road) in Ballary taluk, Ballary district. | E42: MDR BER6 | F42: 96/21-22 | G42: 600 | H42: 1400 | I42: 1197.28 | J42: 1292.96 | K42: 118.45 | L42: =J42+K42 -> 1411.41 | N42: =(I42*1.4%+L42)*1.18 -> 1685.2429 | O42: Sri. T Ramanjaneya Reddy, Mysore | P42: 5.7.2022 | Q42: 4.10.2022 | R42: 04.4.2024 | S42: ='Width Wise'!F43 -> 1.08 | T42: ='Width Wise'!G43 -> 0.65 | U42: ='Width Wise'!L43 -> 0.65 | V42: =U42/T42 -> 1 | W42: =T42-U42 -> 0 | X42: 734.92 | Y42: =X42/N42 -> 0.43609145 | Z42: =N42-X42 -> 950.32287 | AA42: Road work completed, Road Furniture work to be done | AB42: 2 | AD42: C | AJ42: 34 | AK42: 2125.2502
C43: B | D43: Improvements MDR road from Kampli-Kurugodu-Kuduthini-Haraginidoni-Ballary-Aluru via Moka village Devalapura -Kamalapura from ch.88.99 km to 90.39 Km (in selected reaches) in Ballary taluk,Ballary district. | E43: SH-132(BER19) | F43: 97/21-22 | G43: 800 | S43: ='Width Wise'!F44 -> 1.06 | T43: ='Width Wise'!G44 -> 1.06 | U43: ='Width Wise'!L44 -> 1.06 | V43: =U43/T43 -> 1 | W43: =T43-U43 -> 0 | AA43: Road work completed, 1 bridge work under progress(out of 16 pile, 1 pile boring exculation work completed, pile casting to be done. | AJ43: 35 | AK43: 1307.1123
A44: 19 | B44: 443 | C44: A | D44: Improvements to road from maruthi camp somasandra Siddammanahalli to Yarangalli village road chainage 5.00 Km to 9.50 Km in kurugodu Taluk Bellary District. | E44: MDR | F44: 111/21-22 | G44: 400 | H44: 950 | I44: 813.27 | J44: 934.45 | K44: 92.99 | L44: =K44+J44 -> 1027.44 | N44: =(I44*1.4%+L44)*1.18 -> 1225.8144 | O44: Sri. Kalkutiginahal Masididipura Praveen Kumar (Sri Siddarameswara Construction), Ballary | P44: 44779 | Q44: 44747 | S44: ='[1]Width Wise'!F45 -> 2.05 | T44: ='[1]Width Wise'!G45 -> 2.05 | U44: ='[1]Width Wise'!L45 -> 2.05 | V44: =U44/T44 -> 1 | W44: =T44-U44 -> 0 | X44: 1103.68 | Y44: =X44/N44 -> 0.90036467 | Z44: =N44-X44 -> 122.13442 | AA44: Work Completed | AC44: 14 | AJ44: 36 | AK44: 3079.5542
C45: B | D45: Improvements to road from Kanivathimmalapura village to Ramasagara road Chainage 0.00 Km to 4.00 Km in Kampli Taluk Bellary District | E45: MDR | F45: 123/21-22 | G45: 300 | S45: ='[1]Width Wise'!F46 -> 1.4 | T45: ='[1]Width Wise'!G46 -> 2 | U45: ='[1]Width Wise'!L46 -> 2 | V45: =U45/T45 -> 1 | W45: =T45-U45 -> 0 | AA45: Work Completed | AJ45: 37 | AK45: 3068.5652
C46: C | D46: Improvements to road from Kuduthini to orvaayi cross road chainage 15.00 Km to 18.50 Km in Kurgodu Taluk Bellary District. | E46: MDR | F46: 135/21-22 | G46: 250 | S46: ='[1]Width Wise'!F47 -> 1.35 | T46: ='[1]Width Wise'!G47 -> 1.35 | U46: ='[1]Width Wise'!L47 -> 1.35 | V46: =U46/T46 -> 1 | W46: =T46-U46 -> 0 | AA46: Work Completed | AJ46: 38 | AK46: 2068.4776
A47: 20 | B47: 444 | C47: A | D47: Improvements to MDR road of Kudadarahaal-Haccholi-Vatthuvarani, ch.0.00 km to 17.40 Km(in selected reaches) in Siraguppa taluk, Ballary district. | E47: MDR SRG5 | F47: 143/21-22 | G47: 1100 | H47: 2250 | I47: 1939.83 | J47: 2116.21 | K47: 194.08 | L47: =J47+K47 -> 2310.29 | N47: =(I47*1.4%+L47)*1.18 -> 2758.1882 | O47: Sri. Y Pitcheswara Rao ( Sri Srinivasa Construction india Pvt Ltd), Ballary | P47: 44628 | Q47: 45324 | S47: ='[1]Width Wise'!F48 -> 5 | T47: ='[1]Width Wise'!G48 -> 13.9 | U47: ='[1]Width Wise'!L48 -> 13.9 | V47: =U47/T47 -> 1 | W47: =T47-U47 -> 0 | X47: 1575.86 | Y47: =X47/N47 -> 0.57133882 | Z47: =N47-X47 -> 1182.3282 | AA47: Work Completed | AJ47: 39 | AK47: 2972.5755
C48: B | D48: Improvements to MDR road from Kudadarahaal to Nadanga via Vatthuvarani ,kothalachintha ch.0.00 km to 9.50 Km (in selected reaches) in Siraguppa taluk , Ballary district. | E48: MDR SRG-29 | F48: 150/21-22 | G48: 1150 | S48: ='[1]Width Wise'!F49 -> 8.52 | T48: ='[1]Width Wise'!G49 -> 0 | U48: ='[1]Width Wise'!L49 -> 0 | V48: 0 | W48: =T48-U48 -> 0 | AA48: Road dropped. | AJ48: 40 | AK48: 2390.5708
D49: Division total | G49: =SUM(G42:G48) -> 4600 | H49: =SUM(H42:H48) -> 4600 | I49: =SUM(I42:I48) -> 3950.38 | J49: =SUM(J42:J48) -> 4343.62 | K49: =SUM(K42:K48) -> 405.52 | L49: =SUM(L42:L48) -> 4749.14 | N49: =SUM(N42:N48) -> 5669.2455 | S49: =SUM(S42:S48) -> 20.46 | T49: =SUM(T42:T48) -> 21.01 | U49: =SUM(U42:U48) -> 21.01 | X49: =SUM(X42:X48) -> 3414.46 | Z49: =SUM(Z42:Z48) -> 2254.7855 | AJ49: 41 | AK49: 1934.8996
A50: Vijayanagara Division | AJ50: 42 | AK50: 1926.23
A51: 18 | B51: 442 | C51: A | D51: Improvements to MDR road from Nallapura to Hosachinnapura ch.6.00 km to 9.40 Km in Hospet taluk ,Ballary district. | E51: MDR HSP-217 | F51: 98/21-22 | G51: 400 | H51: 2300 | I51: 1961.66 | J51: 2315.76 | K51: 156.75 | L51: =J51+K51 -> 2472.51 | N51: =(I51*1.4%+L51)*1.18 -> 2949.9684 | O51: Sri. Sali Basavaraj, Hosapete | P51: 44729 | Q51: 45276 | S51: ='[2]Width Wise'!F52 -> 2.53 | T51: ='[2]Width Wise'!G52 -> 3.23 | U51: ='[2]Width Wise'!L52 -> 3.23 | V51: =U51/T51 -> 1 | W51: =T51-U51 -> 0 | X51: 2469.58 | Y51: =X51/N51 -> 0.83715472 | Z51: =N51-X51 -> 480.38842 | AA51: Work Completed | AJ51: 43 | AK51: 3620.2497
C52: B | D52: Improvements to MDR road Connecting Ingalagi village to NH -63 km0.00 to 3.00 Km in Hospet taluk, Ballary district | E52: MDR HSP-221 | F52: 99/21-22 | G52: 500 | S52: ='[2]Width Wise'!F53 -> 1.93 | T52: ='[2]Width Wise'!G53 -> 1.949 | U52: ='[2]Width Wise'!L53 -> 1.949 | V52: =U52/T52 -> 1 | W52: =T52-U52 -> 0 | AA52: Work Completed | AJ52: 44 | AK52: 2537.0353
C53: C | D53: Improvements to MDR road from Devalapura -Kamalapura , ch.10.00 km to 18.00 Km (in selected reaches) in Hospet taluk, Ballary district. | E53: MDR HSP-14 | F53: 100/21-22 | G53: 700 | S53: ='[2]Width Wise'!F54 -> 7.74 | T53: ='[2]Width Wise'!G54 -> 7.63 | U53: ='[2]Width Wise'!L54 -> 7.63 | V53: =U53/T53 -> 1 | W53: =T53-U53 -> 0 | AA53: Work Completed | AJ53: 45 | AK53: 1753.5725
C54: D | D54: Improvements to MDR Road from Kondanayakanahalii to Danapura via Nagenahalli Thanda, ch.0.00 km to 6.00 Km in Hosapete taluk, Ballary district | E54: MDR HSP 213 | F54: 108/21-22 | G54: 700 | S54: ='[2]Width Wise'!F55 -> 2.78 | T54: ='[2]Width Wise'!G55 -> 5.7 | U54: ='[2]Width Wise'!L55 -> 4.62 | V54: =U54/T54 -> 0.81052632 | W54: =T54-U54 -> 1.08 | AA54: 4.62Km Work Completed 1.08Km Length of Road done in Appendix-E HOA by PWD Vijayanagara Division | AJ54: 46 | AK54: 2640.6015
A55: 21 | B55: 445 | C55: A | D55: Improvements SH -131 road from Hampi to Kamalapura via Hagaribommnahally from ch.131.00 to ch 137.00 km, ch.140.00 to Ch 141.15.00 km & ch.153.00 to Ch 156.15 km in Kudligi taluk , Ballary district. | E55: SH-131 (KDL44) | F55: 171/21-22 | G55: 1250 | H55: 2250 | I55: 1928.95 | J55: 2276.15 | K55: 210.5 | L55: =J55+K55 -> 2486.65 | N55: =(I55*1.4%+L55)*1.18 -> 2966.1133 | O55: Sri. Sali Basavarj , Hosapete | P55: 44727 | Q55: 45274 | S55: ='Width Wise'!F56 -> 7.1 | T55: ='Width Wise'!G56 -> 8.31 | U55: ='Width Wise'!L56 -> 8.31 | V55: =U55/T55 -> 1 | W55: =T55-U55 -> 0 | X55: 2198.65 | Y55: =X55/N55 -> 0.74125625 | Z55: =N55-X55 -> 767.46325 | AA55: Work Completed | AC55: 15 | AJ55: 47 | AK55: 3970.7818
C56: B | D56: Improvements MDR road from Hosahalli to Kanamadagu via Hagaribommanahalli from ch.1.22 Km to ch .7.30 km & ch.7.70km to Ch 8.75 km in Kudligi taluk ,Ballary district. | E56: MDR KDL 13 | F56: 180/21-22 | G56: 1000 | S56: ='Width Wise'!F57 -> 6.67 | T56: ='Width Wise'!G57 -> 6.605 | U56: ='Width Wise'!L57 -> 6.605 | V56: =U56/T56 -> 1 | W56: =T56-U56 -> 0 | AA56: Work Completed | AJ56: 48 | AK56: 2321.33
A57: 22 | B57: 593 | D57: Improvements SH -151 road from Itagi to Kanchikere via Chitageri,Kadabageri, Arasikere from ch.7.80 km to ch 25.00 km in Harapanahalli taluk, Ballary district. | E57: SH-151 (HRP6) | F57: 181/21-22 | G57: 2150 | H57: 2150 | I57: 1841.5 | J57: 2203.11 | L57: =J57+K57 -> 2203.11 | N57: =(I57*1.4%+L57)*1.18 -> 2630.0914 | O57: Sri. M Eranna (M/s MECO Construction & Infra Tech Pvt Ltd), Manvi , | P57: 44687 | Q57: 45235 | S57: ='Width Wise'!F58 -> 10.25 | T57: ='Width Wise'!G58 -> 10.25 | U57: ='Width Wise'!L58 -> 9.36 | V57: =U57/T57 -> 0.91317073 | W57: =T57-U57 -> 0.89 | X57: 1966.39 | Y57: =X57/N57 -> 0.74765083 | Z57: =N57-X57 -> 663.70138 | AA57: 9.36 Km Asphalt Completed, 0.89 Km work to be done (Pending due to Court Case) | AB57: 3 | AD57: D | AJ57: 49 | AK57: 2660.532
A58: 23 | B58: 446 | C58: A | D58: Improvements SH -45 road connecting Arabhavi and Challakere Via Gokak,Naragunda ch.217.80 km to ch 225.02 km in Hadagali taluk, Ballary district. | E58: SH-45 (HDG202) | F58: 190/21-22 | G58: 950 | H58: 1900 | I58: 1621.59 | J58: 1908.21 | K58: 189.91 | L58: =J58+K58 -> 2098.12 | N58: =(I58*1.4%+L58)*1.18 -> 2502.5703 | O58: Sri Savajji Rajendraprasad (Varavi malleswara Contract Company Private Limited), Ballary , | P58: 44728 | Q58: 45275 | S58: ='Width Wise'!F59 -> 6.63 | T58: ='Width Wise'!G59 -> 6.5 | U58: ='Width Wise'!L59 -> 6.5 | V58: =U58/T58 -> 1 | W58: =T58-U58 -> 0 | X58: 1617.73 | Y58: =X58/N58 -> 0.6464274 | Z58: =N58-X58 -> 884.84027 | AA58: Work Completed | AC58: 25 | AJ58: 50 | AK58: 1739.3022
C59: B | D59: Improvements SH -131 road from Hampi to Kamalapura via Hagaribommanahalli from ch.159.00 km to ch 169.30 in Kudalagi taluk,Ballary district. | E59: SH-131 (KDL44) | F59: 200/21-22 | G59: 950 | S59: ='Width Wise'!F60 -> 5.41 | T59: ='Width Wise'!G60 -> 5.23 | U59: 5.23 | V59: =U59/T59 -> 1 | W59: =T59-U59 -> 0 | AA59: Work Completed | AJ59: 51 | AK59: 2473.4473
D60: Division total | G60: =SUM(G51:G59) -> 8600 | H60: =SUM(H51:H59) -> 8600 | I60: =SUM(I51:I59) -> 7353.7 | J60: =SUM(J51:J59) -> 8703.23 | K60: =SUM(K51:K59) -> 557.16 | L60: =SUM(L51:L59) -> 9260.39 | N60: =SUM(N51:N59) -> 11048.743 | S60: =SUM(S51:S59) -> 51.04 | T60: =SUM(T51:T59) -> 55.404 | U60: =SUM(U51:U59) -> 53.434 | W60: =SUM(W51:W59) -> 1.97 | X60: =SUM(X51:X59) -> 8252.35 | Z60: =SUM(Z51:Z59) -> 2796.3933 | AJ60: 52 | AK60: 2711.8571
A61: Koppal Divison | AJ61: 53 | AK61: 1385.0197
A62: 24 | B62: 447 | D62: Improvements MDR road from Hosahalli to Koppala via Hirekasawadi,Halavarthi ch.0.00 km to ch 19.00 in Koppal taluk Koppal district. | E62: MDR 206(KOP206) | F62: 222/21-22 | G62: 950 | H62: 950 | I62: 815.76 | J62: 941.78 | K62: 86.84 | L62: =J62+K62 -> 1028.62 | N62: =(I62*1.4%+L62)*1.18 -> 1227.248 | O62: Sri. Mallikarjuna H Ammapur, Lingasuguru | P62: 44757 | Q62: 45093 | S62: ='Width Wise'!F63 -> 3.36 | T62: ='Width Wise'!G63 -> 3.71 | U62: ='Width Wise'!L63 -> 3.71 | V62: =U62/T62 -> 1 | W62: =T62-U62 -> 0 | X62: 914.72 | Y62: =X62/N62 -> 0.74534245 | Z62: =N62-X62 -> 312.52796 | AA62: Work Completed | AC62: 16 | AJ62: 54 | AK62: 3024.9636
A63: 25 | B63: 599 | D63: Improvement to SH-59 road from Kustagi- to Pattadakallu 0.00 km to 21.20 km ( in selected reaches) in Kushtagi taluk, Koppal district . | E63: SH-59 | F63: 250/21-22 | G63: 1000 | H63: 1000 | I63: 861.31 | J63: 1075.4 | K63: 262.34 | L63: =J63+K63 -> 1337.74 | N63: =(I63*1.4%+L63)*1.18 -> 1592.762 | O63: Sri. Basavaraj Gowda Ganekal , Vijayapur | P63: 44718 | Q63: 45051 | S63: ='Width Wise'!F64 -> 5.3 | T63: ='Width Wise'!G64 -> 6 | U63: ='Width Wise'!L64 -> 6 | V63: =U63/T63 -> 1 | W63: =T63-U63 -> 0 | X63: 1568.92 | Y63: =X63/N63 -> 0.98503101 | Z63: =N63-X63 -> 23.842041 | AA63: 100% Completed and Third party inspection completed | AC63: 17 | AJ63: 55 | AK63: 3065.3389
A64: 26 | B64: 448 | C64: A | D64: Improvements MDR road from Ginigera to Irkalagada ch.3.00 km to ch 13.00 (selected reaches) in Koppal taluk ,Koppal district. | E64: MDR (KOP18) | F64: 300/21-22 | G64: 1000 | H64: 2250 | I64: 1935.72 | J64: 2438.92 | K64: 243.34 | L64: =K64+J64 -> 2682.26 | N64: =(I64*1.4%+L64)*1.18 -> 3197.0449 | O64: Sri. Sharana Gowda,Raichur | P64: 44743 | Q64: 45292 | S64: ='Width Wise'!F65 -> 5.28 | T64: ='Width Wise'!G65 -> 8.81 | U64: ='Width Wise'!L65 -> 8.81 | V64: =U64/T64 -> 1 | W64: =T64-U64 -> 0 | X64: 2262.85 | Y64: =X64/N64 -> 0.70779425 | Z64: =N64-X64 -> 934.19489 | AA64: Work Completed | AD64: E | AJ64: 56 | AK64: 2718.955
C65: B | D65: Improvements MDR road from Gaddi to Hampasadurga upto NH-13 Ch.13.10 km to ch.15.90 km in Koppal taluk ,Koppal district. | E65: MDR KOP219 | F65: 313/21-22 | G65: 300 | S65: ='Width Wise'!F66 -> 2.15 | T65: ='Width Wise'!G66 -> 2.15 | U65: ='Width Wise'!L66 -> 0 | V65: =U65/T65 -> 0 | W65: =0 -> 0 | AA65: This Road is Dropped | AJ65: 57 | AK65: 3168.7079
C66: C | D66: Improvements to SH-130 road from Yelburga-Kankagiri-Gangavathi-Munirabad , 70.00km to 74.00 and 79.00 km to 81.90 km in Gangavathi taluk Koppal District. | E66: SH-130 | F66: 333/21-22 | G66: 950 | S66: ='Width Wise'!F67 -> 3.79 | T66: ='Width Wise'!G67 -> 2.9 | U66: ='Width Wise'!L67 -> 2.9 | V66: =U66/T66 -> 1 | W66: =T66-U66 -> 0 | AA66: Work Completed | AJ66: 58 | AK66: 3472.5683
A67: 27 | B67: 449 | D67: Improvements to SH-63 road from Raravi-Beluru Ch. 58.22 km to ch.75.42 km ( in selected reaches) in Kanakagiri taluk,Koppal District. | E67: SH-63(GAN94) | F67: 345/21-22 | G67: 2250 | H67: 2250 | I67: 1939.1 | J67: 2288.14 | K67: 225.65 | L67: =J67+K67 -> 2513.79 | N67: =(I67*1.4%+L67)*1.18 -> 2998.3061 | O67: Sri. G Srinivas Rao ( Karunamaya Construction Company),Koppala | P67: 44688 | Q67: 45254 | S67: ='Width Wise'!F68 -> 9.97 | T67: ='Width Wise'!G68 -> 10.21 | U67: ='Width Wise'!L68 -> 10.12 | V67: =U67/T67 -> 0.99118511 | W67: =T67-U67 -> 0.09 | X67: 2722.39 | Y67: =X67/N67 -> 0.907976 | Z67: =N67-X67 -> 275.91613 | AA67: Completed and Third party inspection completed | AC67: 18 | AJ67: 59 | AK67: 4256.4767
A68: 28 | B68: 450 | C68: A | D68: Improvements toMDR road from Kavalooru to Mangalore ch. 12.00 km to ch.14.50 & Ch.16.00 km to ch.23.80 ( in Selected reaches)Yelaburga taluk, Koppal district. | E68: MDR YL 7 | F68: 223/21-22 | G68: 1300 | H68: 2300 | I68: 1974.31 | J68: 2363.16 | K68: 235.13 | L68: =K68+J68 -> 2598.29 | N68: =(I68*1.4%+L68)*1.18 -> 3098.5978 | O68: Sri. Dodda Basana Gouda ( Doddabasanagouda & Company) Raichur | P68: 44712 | Q68: 45259 | S68: ='Width Wise'!F69 -> 6.8 | T68: ='Width Wise'!G69 -> 12.04 | U68: ='Width Wise'!L69 -> 12.04 | V68: =U68/T68 -> 1 | W68: =T68-U68 -> 0 | X68: 3026.83 | Y68: =X68:X69/N68 -> 0.97683862 | Z68: =N68-X68 -> 71.767801 | AA68: Completed and Third party inspection completed | AC68: 19 | AJ68: 60 | AK68: 1488.0441
C69: B | D69: Improvements to SH-129 road from Chikkahesaruru-Mudagal-Mungaragi ch. 85.20 km to 111.40 km ( in Selected reaches) in Yelaburga taluk ,Koppal district. | E69: SH-129 | F69: 224/21-22 | G69: 1000 | N69: =(I69*1.4%+L69)*1.18 -> 0 | S69: ='Width Wise'!F70 -> 4.65 | T69: ='Width Wise'!G70 -> 4.57 | U69: ='Width Wise'!L70 -> 4.57 | V69: =U69/T69 -> 1 | W69: =T69-U69 -> 0 | AA69: Completed and Third party inspection completed | AJ69: 61 | AK69: 4380.0102
D70: Division total | G70: =SUM(G62:G69) -> 8750 | H70: =SUM(H62:H69) -> 8750 | I70: =SUM(I62:I69) -> 7526.2 | J70: =SUM(J62:J69) -> 9107.4 | K70: =SUM(K62:K69) -> 1053.3 | L70: =SUM(L62:L69) -> 10160.7 | N70: =SUM(N62:N69) -> 12113.959 | S70: =SUM(S62:S69) -> 41.3 | T70: =SUM(T62:T69) -> 50.39 | U70: =SUM(U62:U69) -> 48.15 | W70: =SUM(W62:W69) -> 0.09 | X70: =SUM(X62:X69) -> 10495.71 | Z70: =SUM(Z62:Z69) -> 1618.2488 | AJ70: 62 | AK70: 4500.8209
A71: Raichur Division | AJ71: 63 | AK71: 2697.047
A72: 29 | B72: 451 | D72: Improvements to MDR road connecting Guragunta Gowdaruru, Machanur ,Yelaghatta to Hosuru Ch:0.00 km to 19.00 km ( in selected reaches) Lingasugur taluk, Raichur district. | E72: MDR LIN 16 | F72: 225/21-22 | G72: 1300 | H72: 1300 | I72: 1120.5 | J72: 1174.17 | L72: =K72+J72 -> 1174.17 | N72: =(I72*1.4%+L72)*1.18 -> 1404.0313 | O72: Sri. Mallikarjuna H Ammapur, Lingasuguru | P72: 44757 | Q72: 45213 | S72: ='Width Wise'!F73 -> 7.41 | T72: ='Width Wise'!G73 -> 7.41 | U72: ='Width Wise'!L73 -> 7.41 | V72: =U72/T72 -> 1 | W72: =T72-U72 -> 0 | X72: 1347.23 | Y72: =X72/N72 -> 0.95954416 | Z72: =N72-X72 -> 56.80126 | AA72: Final Bill Under Progress | AC72: 20 | AJ72: 64 | AK72: 1956.9278
A73: 30 | B73: 452 | C73: A | D73: Improvements to SH-14 road from Ramadurga - Manvi via Badami,Pattadakallu,Hulagunda Ch:227.80 km to 236.00 in Manvi taluk, Raichur district. | E73: SH-14 | F73: 226/21-22 | G73: 500 | H73: 2000 | I73: 1722.03 | J73: 1745.03 | K73: 174 | L73: =K73+J73 -> 1919.03 | N73: =(I73*1.4%+L73)*1.18 -> 2292.9033 | O73: Sri. Amaravaram Channa reddy ( ACR Projects), Bangalore | P73: 44755 | Q73: 45303 | S73: ='Width Wise'!F74 -> 2 | T73: ='Width Wise'!G74 -> 2 | U73: ='Width Wise'!J74 -> 2 | V73: =U73/T73 -> 1 | W73: =T73-U73 -> 0 | X73: 2131.8 | Y73: =X73/N73 -> 0.92973828 | Z73: =N73-X73 -> 161.10334 | AA73: Work Completed | AC73: 21 | AJ73: 65 | AK73: 1959.7491
C74: B | D74: Improvements to MDR road from Kavithala to Veerapura cross via Anwari village, Ch:4.00 km to 13.30 km road via Anvaari village,in Lingasuguru& Manvi Taluk, Raichur district. | E74: MAN 33 | F74: 227/21-22 | G74: 500 | S74: ='Width Wise'!F75 -> 1.82 | T74: ='Width Wise'!G75 -> 1.82 | U74: ='Width Wise'!L75 -> 1.82 | V74: =U74/T74 -> 1 | W74: =T74-U74 -> 0 | AA74: Work Completed | AJ74: 66 | AK74: 1859.4787
C75: C | D75: Improvements to road from sindanooru taluk bappuru kuduthini lingasooguru ch KM 0.00 to 16.00 in Raichur District | E75: LIN 206 | F75: 207/21-22 | G75: 1000 | S75: ='Width Wise'!F76 -> 5.22 | T75: ='Width Wise'!G76 -> 5.22 | U75: ='Width Wise'!L76 -> 5.22 | V75: =U75/T75 -> 1 | W75: =T75-U75 -> 0 | AA75: Work Completed | AJ75: 67 | AK75: 2547.4028
A76: 31 | B76: 453 | D76: Improvements to road from SH-23 to Mukunda-Singapura road via Channahalli,Sindrampura, Mavinamadaguch. 0.00 km to 15.70km ( In selected reaches) in Sindanooru taluk ,Raichur district. | E76: MDR-SIN228 | F76: 199/21-22 | G76: 1000 | H76: 1000 | I76: 861.65 | J76: 1059.83 | K76: 263.64 | L76: =K76+J76 -> 1323.47 | N76: =(I76*1.4%+L76)*1.18 -> 1575.9291 | O76: Sri. Karabasappa Gouda S Patil, Vijayapur | P76: 44755 | Q76: 45089 | S76: ='Width Wise'!F77 -> 4.71 | T76: ='Width Wise'!G77 -> 5.9 | U76: ='Width Wise'!L77 -> 5.9 | V76: =U76/T76 -> 1 | W76: =T76-U76 -> 0 | X76: 1444.25 | Y76: =X76/N76 -> 0.91644354 | Z76: =N76-X76 -> 131.67906 | AA76: Final Bill Under Progress | AC76: 22 | AJ76: 68 | AK76: 2288.6421
A77: 32 | B77: 454 | C77: A | D77: Improvements to MDR road from Gannadala to Jalahalli via Kakkaladoodi Kamaladinne, Maykaladoodi, Ch:0.00 km to 20.00km ( in Selected reaches) in Devadurga taluk, Raichur district. | E77: MDR DEV 209 | F77: 101/21-22 | G77: 2000 | H77: 2300 | I77: 1978.77 | J77: 2360.9 | K77: 233.46 | L77: =K77+J77 -> 2594.36 | N77: =(I77*1.4%+L77)*1.18 -> 3094.0341 | O77: Sri. M Eranna (M/s MECO Construction & Infra Tech Pvt Ltd), Manvi | P77: 44687 | Q77: 45235 | S77: ='Width Wise'!F78 -> 7.89 | T77: ='Width Wise'!G78 -> 9.78 | U77: ='Width Wise'!L78 -> 9.08 | V77: =U77/T77 -> 0.92842536 | W77: =T77-U77 -> 0.7 | X77: 2448.13 | Y77: =X77/N77 -> 0.79124209 | Z77: =N77-X77 -> 645.90408 | AA77: 700 mtr CC Road Balance (Land Acquition) | AB77: 4 | AD77: F | AJ77: 69 | AK77: 4119.7471
C78: B | D78: Improvements to MDR road from Maladakallu cross Malledevaragoodda via karadigooda, Jagatagallu) Ch:0.00 km to 18.00 km ( In selected reaches) in Devadurga taluk ,Raichur district | E78: MDR DEV 216 | F78: 131/21-22 | G78: 300 | S78: ='Width Wise'!F79 -> 1.44 | T78: ='Width Wise'!G79 -> 1.47 | U78: ='Width Wise'!L79 -> 1.47 | V78: =U78/T78 -> 1 | W78: =T78-U78 -> 0 | AA78: Road Furtuniture are balance | AJ78: 70 | AK78: 3257.7804
A79: 33 | B79: 455 | C79: A | D79: Improvements to SH-61 road from Managooli-Bechaali upto NH-167 Ch. km 239.23 km to 241.19 km ( in Selected reaches) upto NH-167 in Raichur Taluk , Raichur district. | E79: SH-61 | F79: 141/21-22 | G79: 200 | H79: 950 | I79: 807.67 | J79: 742.7 | L79: =K79+J79 -> 742.7 | N79: =(I79*1.4%+L79)*1.18 -> 889.72871 | O79: Sri. Venkatesh Yadav, Manvi | P79: 44701 | Q79: 45035 | S79: ='Width Wise'!F80 -> 1.02 | T79: ='Width Wise'!G80 -> 1.016 | U79: ='Width Wise'!L80 -> 1.016 | V79: =U79/T79 -> 1 | W79: =T79-U79 -> 0 | X79: 773.85 | Y79: =X79/N79 -> 0.8697595 | Z79: =N79-X79 -> 115.87871 | AA79: Work Completed | AC79: 23 | AJ79: 71 | AK79: 2964.5057
C80: B | D80: Improvements to road from SH-13 (NH-167) Yaragera Gillesooguru via Gannadala Ch KM 0.00 to 20.78 ( in Selected reaches) in Raichur Taluk ,Raichur district. | E80: SH-13 | F80: 151/21-22 | G80: 500 | S80: ='Width Wise'!F81 -> 2.7 | T80: ='Width Wise'!G81 -> 2.9 | U80: ='Width Wise'!L81 -> 2.9 | V80: =U80/T80 -> 1 | W80: =T80-U80 -> 0 | AA80: Work Completed | AJ80: 72 | AK80: 2650.6564
C81: C | D81: Improvements to road from NH-167 connecting H-127 via Ashapura Udumagal, Purathipli road CH KM 5.70 to 9.00 in Raicur Taluk, Raichur District. | E81: MDR RA15 | F81: 161/21-22 | G81: 250 | S81: ='Width Wise'!F82 -> 1.52 | T81: ='Width Wise'!G82 -> 1.52 | U81: ='Width Wise'!L82 -> 1.52 | V81: =U81/T81 -> 1 | W81: =T81-U81 -> 0 | AA81: Work Completed | AJ81: 73 | AK81: 1847.3571
A82: 34 | B82: 456 | C82: A | D82: Improvements to MDR road from Raichur-Buradipadha Ch:0.00 km to 6.00 km ( in Selected reaches) in Raichur Taluk ,Raichur district. | E82: MDR RAI 6 | F82: 212/21-22 | G82: 700 | H82: 2200 | I82: 1875.75 | J82: 2244.6 | K82: 220.84 | L82: =K82+J82 -> 2465.44 | N82: =(I82*1.4%+L82)*1.18 -> 2940.2066 | O82: Sri. M Eranna (M/s MECO Construction & Infra Tech Pvt Ltd), Manvi | P82: 44716 | Q82: 45265 | S82: ='Width Wise'!F83 -> 1.78 | T82: ='Width Wise'!G83 -> 3.6 | U82: ='Width Wise'!L83 -> 3.6 | V82: =U82/T82 -> 1 | W82: =T82-U82 -> 0 | X82: 1747.55 | Y82: =X82/N82 -> 0.594363 | Z82: =N82-X82 -> 1192.6566 | AA82: Road Furtuniture are balance | AJ82: 74 | AK82: 2408.8898
C83: B | D83: Improvements to MDR road connecting Raichur and SH-127 via Ashapura, Purthipalli ch. 0.00 km to 5.00 km ( in Selected reaches) Raichur Taluk Raichur district | E83: MDR RAI 5 | F83: 242/21-22 | G83: 700 | S83: ='Width Wise'!F84 -> 1.85 | T83: ='Width Wise'!G84 -> 1.45 | U83: ='Width Wise'!L84 -> 1.3 | V83: =U83/T83 -> 0.89655172 | W83: =T83-U83 -> 0.15 | AA83: LHS 150 mts., PQC Balance, drain 300 mtrs., is in progress & Road Furniture Balance | AB83: 5 | AD83: G | AJ83: 75 | AK83: 5262.0064
C84: C | D84: Improvements to MDR road from SH-167 ( Devasooguru Katagooda road) to Raichur -Yaklasapura via Ambavadi ch. 1.72 km to 3.10 km in Raichur taluk, Raichur District | E84: MDR RAI 215 | F84: 272/21-22 | G84: 300 | S84: ='Width Wise'!F85 -> 1.41 | T84: ='Width Wise'!G85 -> 0 | U84: ='Width Wise'!L85 -> 0 | V84: 0 | W84: =T84-U84 -> 0 | AA84: Work cancelled | AJ84: 76 | AK84: 3502.8688
C85: D | D85: Improvements to MDR road from Basavana bhavi circle of Raichur -Singanodi road to Vidhanasaba nagara Ricemill ,ch. 0.00 km to 8.00 km ( selected reaches) in Raichur taluk , Raichur District. | E85: MDR RAI 206 | F85: 228/21-22 | G85: 500 | S85: ='Width Wise'!F86 -> 1.11 | T85: ='Width Wise'!G86 -> 1.11 | U85: ='Width Wise'!L86 -> 1.11 | V85: =U85/T85 -> 1 | W85: =T85-U85 -> 0 | AA85: Road Furniture Balance | AJ85: 77 | AK85: 2813.4967
D86: Division total | G86: =SUM(G72:G85) -> 9750 | H86: =SUM(H72:H85) -> 9750 | I86: =SUM(I72:I85) -> 8366.37 | J86: =SUM(J72:J85) -> 9327.23 | K86: =SUM(K72:K85) -> 891.94 | L86: =SUM(L72:L85) -> 10219.17 | N86: =SUM(N72:N85) -> 12196.833 | S86: =SUM(S72:S85) -> 41.88 | T86: =SUM(T72:T85) -> 45.196 | U86: =SUM(U72:U85) -> 44.346 | W86: =SUM(W72:W85) -> 0.85 | X86: =SUM(X72:X85) -> 9892.81 | Z86: =SUM(Z72:Z85) -> 2304.023 | AJ86: 78 | AK86: 1507.9341
D87: Ballary Circle Total | G87: =G86+G70+G60+G49 -> 31700 | H87: =H86+H70+H60+H49 -> 31700 | I87: =I86+I70+I60+I49 -> 27196.65 | J87: =J86+J70+J60+J49 -> 31481.48 | K87: =K86+K70+K60+K49 -> 2907.92 | L87: =L86+L70+L60+L49 -> 34389.4 | N87: =N86+N70+N60+N49 -> 41028.781 | S87: =S86+S70+S60+S49 -> 154.68 | T87: =T86+T70+T60+T49 -> 172 | U87: =U86+U70+U60+U49 -> 166.94 | W87: =W86+W70+W60+W49 -> 2.91 | X87: =X86+X70+X60+X49 -> 32055.33 | Z87: =Z86+Z70+Z60+Z49 -> 8973.4507 | AJ87: 79 | AK87: 2435.3875
A88: Dharwad Cricle | AJ88: 80 | AK88: 2631.5617
A89: Dharwad Division | AJ89: 81 | AK89: 4161.5824
A90: 35 | B90: 457 | C90: A | D90: Improvements to Padubidri-Chikkalagudda SH-01 from Ch: 340.30 to 356.97 Km (in selected reaches) in Kalaghatagi taluk of Dharwad District. | E90: SH-01 | F90: 39 | G90: 1900 | H90: 2250 | I90: 1939.79 | J90: 2164.61 | K90: 407.97 | L90: =J90+K90 -> 2572.58 | N90: =(I90*1.4%+L90)*1.18 -> 3067.6897 | O90: Sri. Mallikarjun Siddaramappa Patil | P90: 21.09.2022 | Q90: 20.03.2024 | S90: ='Width Wise'!F91 -> 9.695 | T90: ='Width Wise'!G91 -> 9.695 | U90: ='Width Wise'!L91 -> 9.695 | V90: =U90/T90 -> 1 | W90: =T90-U90 -> 0 | X90: 2440.66 | Y90: =X90/N90 -> 0.79560197 | Z90: =N90-X90 -> 627.02973 | AA90: completed | AC90: 46 | AJ90: 82 | AK90: 2753.6924
C91: B | D91: Improvements to Managundi-Tadasinakoppa from Ch: 0.00 Km to 5.00 Km (in selected reaches) in Dharwad taluk of Dharwad District. | E91: MDR | F91: 40 | G91: 350 | S91: ='Width Wise'!F92 -> 2.04 | T91: ='Width Wise'!G92 -> 2.62 | U91: ='Width Wise'!L92 -> 2.62 | V91: =U91/T91 -> 1 | W91: =T91-U91 -> 0 | AA91: completed | AJ91: 83 | AK91: 3581.079
A92: 36 | B92: =B90+1 -> 458 | C92: A | D92: Improvements to Beedi-Belavanaki SH-56 from Ch: 62.40 to 69.28 Km (in selected reaches) in Navalagund taluk of Dharwad District. | E92: SH-56 | F92: 41 | G92: 1020 | H92: 2300 | I92: 1980.05 | J92: 2330.44 | K92: 232.34 | L92: =J92+K92 -> 2562.78 | N92: =(I92*1.4%+L92)*1.18 -> 3056.7908 | O92: Sri. Mallikarjun B Kallur (M B Kallur Infrastructure Company) | P92: 02-08-2022 | Q92: 45323 | S92: ='Width Wise'!F93 -> 6.42 | T92: ='Width Wise'!G93 -> 6.42 | U92: ='Width Wise'!L93 -> 6.42 | V92: =U92/T92 -> 1 | W92: =T92-U92 -> 0 | X92: 1934.42 | Y92: =X92/N92 -> 0.63282708 | Z92: =N92-X92 -> 1122.3708 | AA92: Completed | AD92: H | AJ92: 84 | AK92: 2116.9749
C93: B | D93: Improvements to Supa-Annigeri SH-28 from Ch:108.77 to 114.77 Km (in selected reaches) in Navalagund taluk of Dharwad District. | E93: SH-28 | F93: 42 | G93: 280 | S93: ='Width Wise'!F94 -> 1.53 | T93: ='Width Wise'!G94 -> 2.18 | U93: ='Width Wise'!L94 -> 2.18 | V93: =U93/T93 -> 1 | W93: =T93-U93 -> 0 | AA93: Completed | AJ93: 85 | AK93: 3057.9823
C94: C | D94: Improvements to Supa-Annigeri SH-28 from Ch: 84.70 to 99.30 Km (in selected reaches) in Hubballi taluk of Dharwad District. | E94: SH-28 | F94: 43 | G94: 1000 | S94: ='Width Wise'!F95 -> 6.42 | T94: ='Width Wise'!G95 -> 6.42 | U94: ='Width Wise'!L95 -> 6.42 | V94: =U94/T94 -> 1 | W94: =T94-U94 -> 0 | AA94: Completed | AJ94: 86 | AK94: 3111.6863
A95: 37 | B95: =B92+1 -> 459 | C95: A | D95: Improvements to Samshi-Gudageri road from 0.0 to 11.0Km in Kundagol taluka | E95: MDR | F95: 48 | G95: 850 | H95: 2200 | I95: 1890.89 | J95: 2171.13 | K95: 521.83 | L95: =J95+K95 -> 2692.96 | N95: =(I95*1.4%+L95)*1.18 -> 3208.9303 | O95: Sri.Chandrashekhar Appasaheb Biradar | P95: 03-08-2022 | Q95: 45324 | R95: 29.07.2024 | S95: ='Width Wise'!F96 -> 6.45 | T95: ='Width Wise'!G96 -> 6.45 | U95: ='Width Wise'!L96 -> 6.45 | V95: =U95/T95 -> 1 | W95: =T95-U95 -> 0 | X95: 1883.19 | Y95: =X95/N95 -> 0.58685912 | Z95: =N95-X95 -> 1325.7403 | AA95: Completed | AD95: I | AJ95: 87 | AK95: 1496.7193
C96: B | D96: Improvements to Pashupatihal-Rottigavad MDR road Ch 0.0km to 3.18Km, 3.9 to 9.3Km and 11.00 to 13.5Km in Kundagol tq. | E96: MDR | F96: 49 | G96: 750 | S96: ='Width Wise'!F97 -> 5.73 | T96: ='Width Wise'!G97 -> 9.702 | U96: ='Width Wise'!L97 -> 9.702 | V96: =U96/T96 -> 1 | W96: =T96-U96 -> 0 | AA96: Completed | AJ96: 88 | AK96: 2383.4144
C97: C | D97: Improvements to Hireharakuni Shishuvinal road upto Kundagol tq limit (MDR) from Ch: 0.00 Km to 5.16 Km in Kundagol tq . | E97: MDR | F97: 58 | G97: 450 | S97: ='Width Wise'!F98 -> 3.75 | T97: ='Width Wise'!G98 -> 3.75 | U97: ='Width Wise'!L98 -> 3.75 | V97: =U97/T97 -> 1 | W97: =T97-U97 -> 0 | AA97: Completed | AJ97: 89 | AK97: 761.93593
C98: D | D98: Improvements to Varur-Hindasageri via (NH-04) from Surashettikoppa road upto Hubballi city limit road (MDR) from Ch: 0.0 Km to 2.0Km (in selected reaches) in Hubballi tq of Dharwad District. | E98: MDR | F98: 71 | G98: 150 | S98: ='Width Wise'!F99 -> 1.6 | T98: ='Width Wise'!G99 -> 1.72 | U98: ='Width Wise'!L99 -> 1.72 | V98: =U98/T98 -> 1 | W98: =T98-U98 -> 0 | AA98: Completed | AJ98: 90 | AK98: 1830.6152
A99: =A95+1 -> 38 | B99: =B95+1 -> 460 | D99: Improvements to Veerapura Toll-Manturu MDR road from Ch: 0.40 to 3.00 Km (in selected reaches) in Hubballi taluk of Dharwad District. | E99: MDR | F99: 73 | G99: 950 | H99: 950 | I99: 819.34 | J99: 1005.17 | K99: 99.02 | L99: =J99+K99 -> 1104.19 | N99: =(I99*1.4%+L99)*1.18 -> 1316.4797 | O99: Sri Chandrashekhar Appasaheb Biradar | P99: 06-07-2022 | Q99: 05-06-2023 | R99: 31.03.2024 | S99: ='Width Wise'!F100 -> 2.08 | T99: ='Width Wise'!G100 -> 2.1 | U99: ='Width Wise'!L100 -> 2.1 | V99: =U99/T99 -> 1 | W99: =T99-U99 -> 0 | X99: 511.98 | Y99: =X99/N99 -> 0.38890079 | Z99: =N99-X99 -> 804.4997 | AA99: Completed | AC99: 47 | AJ99: 91 | AK99: 2349.4206
A100: =A99+1 -> 39 | B100: =B99+1 -> 461 | C100: A | D100: Improvements from Anand Nagar Main Road to Gokul Main Road ( opposite RN Shetty Factory) in Hubballi taluk of Dharwad District. | E100: MDR | F100: 74 | G100: 700 | H100: 1700 | I100: 1450.36 | J100: 1562.04 | K100: 155.47 | L100: =J100+K100 -> 1717.51 | N100: =(I100*1.4%+L100)*1.18 -> 2050.6217 | O100: Sri. Bhimshi Siddappa Biradar (B S Biradar) | P100: 18-06-2022 | Q100: 17-09-2023 | S100: ='Width Wise'!F101 -> 1.301 | T100: ='Width Wise'!G101 -> 1.59 | U100: ='Width Wise'!L101 -> 1.59 | V100: =U100/T100 -> 1 | W100: =T100-U100 -> 0 | X100: 1712.11 | Y100: =X100/N100 -> 0.83492239 | Z100: =N100-X100 -> 338.51175 | AA100: Completed | AC100: 48 | AJ100: 92 | AK100: 3212.9341
...

Sheet Width Wise
A1: GOVERNMENT OF KARNATAKA, PIU - STATE HIGHWAY DEVELOPMENT PROJECT, K.R.CIRCLE, BANGALORE | S1: 10.75
A2: Package wise Details of Phase-4 Stage-2 | Q2: =10.525+S3 -> 10.75 | S2: =1.785+8.74 -> 10.525
A3: GOVERNMENT OF KARNATAKA, PIU - STATE HIGHWAY DEVELOPMENT PROJECT, K.R.CIRCLE, BANGALORE | Q3: =8.74+0.225 -> 8.965 | S3: =S1-S2 -> 0.225
A4: SHDP - PHASE - IV Stage-2 PROGRESS REPORT
A5: As on 28th FEBURARY 2026
A6: 0 | B6: PKG No | D6: Name of Work | E6: SH/ MDR | F6: Length Proposed as per DPR in Km | G6: Length Proposed as per VO in Km | H6: Total Length Completed | L6: Total
H7: 14 m Width | I7: 7 m Width | J7: 5.50 m Width | K7: 3.75 m Width | Q7: =F10-L10 -> -1.7
A8: Kalaburagi Circle | Q8: =F11-L11 -> -1.63
A9: Bidar Division | Q9: =F12-L12 -> 0
A10: 1 | B10: 429 | C10: A | D10: Improvements to SH-122 Maharastra Border Murki-Aurad-Handarki from Km 0.00 to Km 62.40 (in selected reaches) in Aurad Taluka of Bidar District. | E10: SH- 122 | F10: 9.7 | G10: 11.4 | I10: 11.4 | L10: =SUM(H10:K10) -> 11.4 | N10: =IF(G10='2024-25'!A:AA,0,'Width Wise'!G10-'2024-25'!T9) -> 0 | O10: =IF(L10='2024-25'!U9,0,'Width Wise'!L10-'2024-25'!U9) -> 0 | Q10: =F13-L13 -> -0.67
C11: B | D11: Improvements to SH-34 Aurad - Sadashivagad, from Km 21.00 to Km 72.50 (in selected reaches) in Bhalki Taluka of Bidar District. | E11: SH-34 | F11: 4.41 | G11: 6.04 | I11: 4.41 | J11: 1.63 | L11: =SUM(H11:K11) -> 6.04 | N11: =IF(G11='2024-25'!A:AA,0,'Width Wise'!G11-'2024-25'!T10) -> 0 | O11: =IF(L11='2024-25'!U10,0,'Width Wise'!L11-'2024-25'!U10) -> 0 | Q11: =F14-L14 -> 0 | S11: 7.16
A12: 2 | B12: 430 | D12: Improvements to road Rajeshwar to Mudbi New SH from Km 0.00 to Km 15.00 (in selected reaches) in Basavakalyan Taluka of Bidar District. | E12: New SH | F12: 3.6 | G12: 3.6 | I12: 3.6 | L12: =SUM(H12:K12) -> 3.6 | N12: =IF(G12='2024-25'!A:AA,0,'Width Wise'!G12-'2024-25'!T11) -> 0 | O12: =IF(L12='2024-25'!U11,0,'Width Wise'!L12-'2024-25'!U11) -> 0 | Q12: =F15-L15 -> -4 | S12: wrong entry
A13: =A12+1 -> 3 | B13: 601 | D13: Improvements to road SH-126 A.P Border with Putpak-Bhosaga from Km 147.20 to Km 156.00 (in selected reaches) in Basavakalyan Taluka of Bidar District. | E13: SH-126 | F13: 4.5 | G13: 5.17 | J13: 5.17 | L13: =SUM(H13:K13) -> 5.17 | N13: =IF(G13='2024-25'!A:AA,0,'Width Wise'!G13-'2024-25'!T12) -> 0 | O13: =IF(L13='2024-25'!U12,0,'Width Wise'!L13-'2024-25'!U12) -> 0 | Q13: =F16-L16 -> 0
A14: =A13+1 -> 4 | B14: 602 | D14: Improvements to SH-122 Maharastra Border -Murki-Aurad-Handarki from Km 117.80 to Km 123.31 (in selected reaches) in Chitaguppa Taluka of Bidar District | E14: SH -122 | F14: 4 | G14: 4 | I14: 4 | L14: =SUM(H14:K14) -> 4 | N14: =IF(G14='2024-25'!A:AA,0,'Width Wise'!G14-'2024-25'!T13) -> 0 | O14: =IF(L14='2024-25'!U13,0,'Width Wise'!L14-'2024-25'!U13) -> 0 | Q14: =F17-L17 -> 0
D15: Division Total | F15: =SUM(F10:F14) -> 26.21 | G15: =SUM(G10:G14) -> 30.21 | H15: =SUM(H10:H14) -> 0 | I15: =SUM(I10:I14) -> 23.41 | J15: =SUM(J10:J14) -> 6.8 | K15: =SUM(K10:K14) -> 0 | L15: =SUM(L10:L14) -> 30.21 | N15: =IF(G15='2024-25'!A:AA,0,'Width Wise'!G15-'2024-25'!T14) -> 0 | O15: =IF(L15='2024-25'!U14,0,'Width Wise'!L15-'2024-25'!U14) -> 0 | Q15: =F18-L18 -> -0.78
A16: Kalaburagi Division | N16: =IF(G16='2024-25'!A:AA,0,'Width Wise'!G16-'2024-25'!T15) -> 0 | O16: =IF(L16='2024-25'!U15,0,'Width Wise'!L16-'2024-25'!U15) -> 0 | Q16: =F19-L19 -> 0
A17: 5 | B17: 431 | D17: Improvements to SH-124 Barkhed-Bilagi, from Km 0.00 to Km 71.15 (in selected reaches) in Aland Taluka of Kalaburagi District. (Via Bhimapur, Kamanalli, Lingadalli-Madan Hipparga-Nimbal) | E17: SH-124 | F17: 8.55 | G17: 8.55 | I17: 8.55 | L17: =SUM(H17:K17) -> 8.55 | N17: =IF(G17='2024-25'!A:AA,0,'Width Wise'!G17-'2024-25'!T16) -> 0 | O17: =IF(L17='2024-25'!U16,0,'Width Wise'!L17-'2024-25'!U16) -> 0 | Q17: =F20-L20 -> 0
A18: 6 | B18: 432 | C18: A | D18: Improvements to road Bankalga cross to Mashal, MDR from Km 0.00 to Km 14.00 (in selected reaches) in Afzalpur Taluka of Kalaburagi District. | E18: AFZ204 | F18: 2.92 | G18: 3.7 | J18: 3.7 | L18: =SUM(H18:K18) -> 3.7 | N18: =IF(G18='2024-25'!A:AA,0,'Width Wise'!G18-'2024-25'!T17) -> 0 | O18: =IF(L18='2024-25'!U17,0,'Width Wise'!L18-'2024-25'!U17) -> 0 | Q18: =F21-L21 -> 0
C19: B | D19: Improvements to S.H-124 Barked-Bilagi from Km 102.00 to Km 108.00 (in selected reaches) in Afzalpur Taluka of Kalaburagi District. | E19: SH- 124 | F19: 1.93 | G19: 1.93 | J19: 1.93 | L19: =SUM(H19:K19) -> 1.93 | N19: =IF(G19='2024-25'!A:AA,0,'Width Wise'!G19-'2024-25'!T18) -> 0 | O19: =IF(L19='2024-25'!U18,0,'Width Wise'!L19-'2024-25'!U18) -> 0 | Q19: =F22-L22 -> 0
A20: 7 | B20: 603 | D20: Improvements to MDR from NH-218, Kattisangavi to Yenkanchi (SH-16) via Madari-Yengunta- Naribol-Biral(B)-Ganvar-Chigralli-ijeri-alur-kadkol-manashivanagi from Km 40.00 to 50.00 Km (in selected reaches) ( from chigralli cross to yedrami )in Jevargi Taluka of Kalaburagi District. | E20: JEW45 | F20: 5.2 | G20: 5.2 | J20: 5.2 | L20: =SUM(H20:K20) -> 5.2 | N20: =IF(G20='2024-25'!A:AA,0,'Width Wise'!G20-'2024-25'!T19) -> 0 | O20: =IF(L20='2024-25'!U19,0,'Width Wise'!L20-'2024-25'!U19) -> 0 | Q20: =F23-L23 -> 0
A21: 8 | B21: 433 | D21: Improvements to road from Kadagunchi-Bodana road (MDR) to Tonasalli (SH125), MDR from Km 0.00 to Km17.50 and Km 26.50 to Km 35.00 (in selected reaches) in Kalaburagi Taluka of Kalaburagi District. | E21: New MDR | F21: 9.935 | G21: 10.435 | J21: 9.935 | L21: =SUM(H21:K21) -> 9.935 | N21: =IF(G21='2024-25'!A:AA,0,'Width Wise'!G21-'2024-25'!T20) -> 0 | O21: =IF(L21='2024-25'!U20,0,'Width Wise'!L21-'2024-25'!U20) -> 0 | Q21: =F24-L24 -> 0
A22: 9 | B22: 434 | C22: A | D22: Improvements to road Narona -Chinchansoor, MDR from Km 0.00 to Km 6.30 (in selected reaches) in Aland Taluka of Kalaburagi District. | E22: ALD11 | F22: 1.85 | G22: 1.85 | I22: 1.85 | L22: =SUM(H22:K22) -> 1.85 | N22: =IF(G22='2024-25'!A:AA,0,'Width Wise'!G22-'2024-25'!T21) -> 0 | O22: =IF(L22='2024-25'!U21,0,'Width Wise'!L22-'2024-25'!U21) -> 0 | Q22: =F25-L25 -> -0.78
C23: B | D23: Improvements to road from Malgathi cross to Bolewad via Nippani, MDR from Km 0.00 to Km 4.20 and Km 16.00 to Km 24.00 (in selected reaches) in Kalaburagi Taluka of Kalaburagi District. | E23: GUL205 | F23: 3.92 | G23: 3.92 | J23: 3.92 | L23: =SUM(H23:K23) -> 3.92 | N23: =IF(G23='2024-25'!A:AA,0,'Width Wise'!G23-'2024-25'!T22) -> 0 | O23: =IF(L23='2024-25'!U22,0,'Width Wise'!L23-'2024-25'!U22) -> 0 | Q23: =F26-L26 -> 0
C24: C | D24: Improvements to road from Aurad B(on NH-218) to Jambga(B) (on SH-51) MDR from Km 0.00 to Km 10.70(in selected reaches) in Kalaburagi Taluka of Kalaburagi District. | E24: GUL15 | F24: 3.97 | G24: 3.97 | I24: 3.97 | L24: =SUM(H24:K24) -> 3.97 | N24: =IF(G24='2024-25'!A:AA,0,'Width Wise'!G24-'2024-25'!T23) -> 0 | O24: =IF(L24='2024-25'!U23,0,'Width Wise'!L24-'2024-25'!U23) -> 0 | Q24: =F27-L27 -> 0.36
D25: Division Total | F25: =SUM(F17:F24) -> 38.275 | G25: =SUM(G17:G24) -> 39.555 | H25: =SUM(H17:H24) -> 0 | I25: =SUM(I17:I24) -> 14.37 | J25: =SUM(J17:J24) -> 24.685 | K25: =SUM(K17:K24) -> 0 | L25: =SUM(L17:L24) -> 39.055 | N25: =IF(G25='2024-25'!A:AA,0,'Width Wise'!G25-'2024-25'!T24) -> 0 | O25: =IF(L25='2024-25'!U24,0,'Width Wise'!L25-'2024-25'!U24) -> 0 | Q25: =F28-L28 -> 0
A26: Sedam Division | N26: =IF(G26='2024-25'!A:AA,0,'Width Wise'!G26-'2024-25'!T25) -> 0 | O26: =IF(L26='2024-25'!U25,0,'Width Wise'!L26-'2024-25'!U25) -> 0 | Q26: =F29-L29 -> -0.92
A27: 10 | B27: 435 | D27: Improvements to SH-122 Maharastra Border - Murki-Aurad-Handarki, from Km 153.80 to Km 164.00 Km and Km 207.00 to Km 218.77 (in selected reaches) in Sedam/ Chincholi Taluka of Kalaburagi District | E27: SH-122 | F27: 11.81 | G27: 11.45 | J27: 11.45 | L27: =SUM(H27:K27) -> 11.45 | N27: =IF(G27='2024-25'!A:AA,0,'Width Wise'!G27-'2024-25'!T26) -> 0 | O27: =IF(L27='2024-25'!U26,0,'Width Wise'!L27-'2024-25'!U26) -> 0 | Q27: =F30-L30 -> -0.56
A28: 11 | B28: 600 | D28: Improvements to SH-32 Umarga border-Aland-VK Salagar-Mahagaon -Sulepet road, from Km 80.00 to Km 118.00 via Herur Cross - Sulepet (in selected reaches) in Chincholi Taluka of Kalaburagi District. | E28: SH-32 | F28: 13.83 | G28: 13.83 | J28: 13.83 | L28: =SUM(H28:K28) -> 13.83 | N28: =IF(G28='2024-25'!A:AA,0,'Width Wise'!G28-'2024-25'!T27) -> 0 | O28: =IF(L28='2024-25'!U27,0,'Width Wise'!L28-'2024-25'!U27) -> 0 | Q28: =F31-L31 -> 0
A29: 12 | B29: 436 | D29: Improvements to SH -126 Telangana border - Putpak-Bhosaga,from Km 60.00 to Km 75.00 (Chittapur Bus Depot to Tengali Cross SH-10) (in selected reaches) in Chittapur Taluka of Kalaburagi District. | E29: SH-126 | F29: 3.4 | G29: 4.32 | I29: 4.32 | L29: =SUM(H29:K29) -> 4.32 | N29: =IF(G29='2024-25'!A:AA,0,'Width Wise'!G29-'2024-25'!T28) -> 0 | O29: =IF(L29='2024-25'!U28,0,'Width Wise'!L29-'2024-25'!U28) -> 0 | Q29: =F32-L32 -> 0
D30: Division Total | F30: =SUM(F27:F29) -> 29.04 | G30: =SUM(G27:G29) -> 29.6 | H30: =SUM(H27:H29) -> 0 | I30: =SUM(I27:I29) -> 4.32 | J30: =SUM(J27:J29) -> 25.28 | K30: =SUM(K27:K29) -> 0 | L30: =SUM(L27:L29) -> 29.6 | N30: =IF(G30='2024-25'!A:AA,0,'Width Wise'!G30-'2024-25'!T29) -> 0 | O30: =IF(L30='2024-25'!U29,0,'Width Wise'!L30-'2024-25'!U29) -> 0 | Q30: =F33-L33 -> -0.36
A31: Yadgir Division | N31: =IF(G31='2024-25'!A:AA,0,'Width Wise'!G31-'2024-25'!T30) -> 0 | O31: =IF(L31='2024-25'!U30,0,'Width Wise'!L31-'2024-25'!U30) -> 0 | Q31: =F34-L34 -> 0
A32: 13 | B32: =B29+1 -> 437 | C32: A | D32: Improvements to road Maharastra Border to Raichur Border (Markel- Kollur-Bilihar) road, MDR from Km 3.00 Km 9.00 (in selected reaches) in Wadgera Taluka of Yadgir District. | E32: New SH | F32: 4.75 | G32: 4.75 | J32: 4.75 | L32: =SUM(H32:K32) -> 4.75 | N32: =IF(G32='2024-25'!A:AA,0,'Width Wise'!G32-'2024-25'!T31) -> 0 | O32: =IF(L32='2024-25'!U31,0,'Width Wise'!L32-'2024-25'!U31) -> 0 | Q32: =F35-L35 -> -2.2
C33: B | D33: Improvements to road NH-150A to SH-127 Sangam-Raichur Border, MDR from Km16.30 to Km 57.00 (in selected reaches) in Wadgera Taluka of Yadgir District. | E33: SHA35 | F33: 4.95 | G33: 5.31 | I33: 0.36 | J33: 4.95 | L33: =SUM(H33:K33) -> 5.31 | N33: =IF(G33='2024-25'!A:AA,0,'Width Wise'!G33-'2024-25'!T32) -> 0 | O33: =IF(L33='2024-25'!U32,0,'Width Wise'!L33-'2024-25'!U32) -> 0 | Q33: =F36-L36 -> -0.47
C34: C | D34: Improvements to road Kurakunda to Bilhar Via Hortur, Halgera, Godihal Kumanur, Arjunagi, Kandalli, MDR from Km 0.00 to Km 13.00 (in selected reaches) in Wadgera Taluka of Yadgir District. | E34: MDR | F34: 2.3 | G34: 2.3 | J34: 2.3 | L34: =SUM(H34:K34) -> 2.3 | N34: =IF(G34='2024-25'!A:AA,0,'Width Wise'!G34-'2024-25'!T33) -> 0 | O34: =IF(L34='2024-25'!U33,0,'Width Wise'!L34-'2024-25'!U33) -> 0 | Q34: =F37-L37 -> 0
A35: 14 | B35: 438 | D35: Improvements to SH-16 Sindagi - Kodangal from Km 125.22 to KM 155.62 (in selected reaches) in Gurmitkal Taluka of Yadgir District. | E35: SH-16 | F35: 9.5 | G35: 11.7 | I35: 11.7 | L35: =SUM(H35:K35) -> 11.7 | N35: =IF(G35='2024-25'!A:AA,0,'Width Wise'!G35-'2024-25'!T34) -> 0 | O35: =IF(L35='2024-25'!U34,0,'Width Wise'!L35-'2024-25'!U34) -> 0 | Q35: =F38-L38 -> 32.65
A36: =A35+1 -> 15 | B36: =B35+1 -> 439 | C36: A | D36: Improvements to road Devargonal to Gogi, MDR from Km 12.80 to Km 20.80 (in selected reaches) in Shahpur Taluka of Yadgir District. | E36: SHA55 | F36: 3.82 | G36: 4.29 | J36: 4.29 | L36: =SUM(H36:K36) -> 4.29 | N36: =IF(G36='2024-25'!A:AA,0,'Width Wise'!G36-'2024-25'!T35) -> 0 | O36: =IF(L36='2024-25'!U35,0,'Width Wise'!L36-'2024-25'!U35) -> 0 | Q36: =F39-L39 -> 29.62
C37: B | D37: Improvements to road Bheemarayan Gudi to Bijaspur, MDR from Km 10.00 to KM 17.50 (in selected reaches) in Shahpur Taluka of Yadgir District. | E37: SHA59 | F37: 1.5 | G37: 1.5 | J37: 1.5 | L37: =SUM(H37:K37) -> 1.5 | N37: =IF(G37='2024-25'!A:AA,0,'Width Wise'!G37-'2024-25'!T36) -> 0 | O37: =IF(L37='2024-25'!U36,0,'Width Wise'!L37-'2024-25'!U36) -> 0 | Q37: =F40-L40 -> 24.28
A38: =A36+1 -> 16 | B38: =B36+1 -> 440 | D38: Improvements to SH-155 from Pattan cross(SH-10) to Narayanapura dam Km110.00 to KM 167.30 (in selected reaches) in Shorapur Taluka of Yadgir District. | E38: SH-155 | F38: 48.52 | G38: 15.87 | J38: 15.87 | L38: =SUM(H38:K38) -> 15.87 | N38: =IF(G38='2024-25'!A:AA,0,'Width Wise'!G38-'2024-25'!T37) -> 0 | O38: =IF(L38='2024-25'!U37,0,'Width Wise'!L38-'2024-25'!U37) -> 0 | Q38: =F41-L41 -> 0
D39: Division Total | F39: =SUM(F32:F38) -> 75.34 | G39: =SUM(G32:G38) -> 45.72 | H39: =SUM(H32:H38) -> 0 | I39: =SUM(I32:I38) -> 12.06 | J39: =SUM(J32:J38) -> 33.66 | K39: =SUM(K32:K38) -> 0 | L39: =SUM(L32:L38) -> 45.72 | N39: =IF(G39='2024-25'!A:AA,0,'Width Wise'!G39-'2024-25'!T38) -> 0 | O39: =IF(L39='2024-25'!U38,0,'Width Wise'!L39-'2024-25'!U38) -> 0 | Q39: =F42-L42 -> 0
D40: Kalaburgi Circle Total | F40: =F39+F30+F25+F15 -> 168.865 | G40: =G39+G30+G25+G15 -> 145.085 | H40: =H39+H30+H25+H15 -> 0 | I40: =I39+I30+I25+I15 -> 54.16 | J40: =J39+J30+J25+J15 -> 90.425 | K40: =K39+K30+K25+K15 -> 0 | L40: =L39+L30+L25+L15 -> 144.585 | N40: =IF(G40='2024-25'!A:AA,0,'Width Wise'!G40-'2024-25'!T39) -> 0 | O40: =IF(L40='2024-25'!U39,0,'Width Wise'!L40-'2024-25'!U39) -> 0 | Q40: =F43-L43 -> 0.43
A41: Ballary Circle | N41: =IF(G41='2024-25'!A:AA,0,'Width Wise'!G41-'2024-25'!T40) -> 0 | O41: =IF(L41='2024-25'!U40,0,'Width Wise'!L41-'2024-25'!U40) -> 0 | Q41: =F44-L44 -> 0
A42: Ballary Division | N42: =IF(G42='2024-25'!A:AA,0,'Width Wise'!G42-'2024-25'!T41) -> 0 | O42: =IF(L42='2024-25'!U41,0,'Width Wise'!L42-'2024-25'!U41) -> 0 | Q42: =F45-L45 -> 0
A43: 17 | B43: 441 | C43: A | D43: Improvements to MDR road of Ballary - Kalyanadurga Ch.0.80 km to 2.00 Km ( double road) in Ballary taluk, Ballary district. | E43: MDRBER6 | F43: 1.08 | G43: 0.65 | H43: 0.65 | L43: =SUM(H43:K43) -> 0.65 | N43: =IF(G43='2024-25'!A:AA,0,'Width Wise'!G43-'2024-25'!T42) -> 0 | O43: =IF(L43='2024-25'!U42,0,'Width Wise'!L43-'2024-25'!U42) -> 0 | Q43: =F46-L46 -> -0.6
C44: B | D44: Improvements MDR road from Kampli-Kurugodu-Kuduthini-Haraginidoni-Ballary-Aluru via Moka village Devalapura -Kamalapura from ch.88.99 km to 90.39 Km (in selected reaches) in Ballary taluk,Ballary district. | E44: SH-132(BER19) | F44: 1.06 | G44: 1.06 | H44: 1.06 | L44: =SUM(H44:K44) -> 1.06 | N44: =IF(G44='2024-25'!A:AA,0,'Width Wise'!G44-'2024-25'!T43) -> 0 | O44: =IF(L44='2024-25'!U43,0,'Width Wise'!L44-'2024-25'!U43) -> 0 | Q44: =F47-L47 -> 0
A45: 19 | B45: 443 | C45: A | D45: Improvements to road from maruthi camp somasandra Siddammanahalli to Yarangalli village road chainage 5.00 Km to 9.50 Km in kurugodu Taluk Bellary District. | E45: MDR | F45: 2.05 | G45: 2.05 | J45: 2.05 | L45: =SUM(H45:K45) -> 2.05 | N45: =IF(G45='2024-25'!A:AA,0,'Width Wise'!G45-'2024-25'!T44) -> 0 | O45: =IF(L45='2024-25'!U44,0,'Width Wise'!L45-'2024-25'!U44) -> 0 | Q45: =F48-L48 -> -8.9
C46: B | D46: Improvements to road from Kanivathimmalapura village to Ramasagara road Chainage 0.00 Km to 4.00 Km in Kampli Taluk Bellary District | E46: MDR | F46: 1.4 | G46: 2 | J46: 0.12 | K46: 1.88 | L46: =SUM(H46:K46) -> 2 | N46: =IF(G46='2024-25'!A:AA,0,'Width Wise'!G46-'2024-25'!T45) -> 0 | O46: =IF(L46='2024-25'!U45,0,'Width Wise'!L46-'2024-25'!U45) -> 0 | Q46: =F49-L49 -> 8.52
C47: C | D47: Improvements to road from Kuduthini to orvaayi cross road chainage 15.00 Km to 18.50 Km in Kurgodu Taluk Bellary District. | E47: MDR | F47: 1.35 | G47: 1.35 | J47: 1.35 | L47: =SUM(H47:K47) -> 1.35 | N47: =IF(G47='2024-25'!A:AA,0,'Width Wise'!G47-'2024-25'!T46) -> 0 | O47: =IF(L47='2024-25'!U46,0,'Width Wise'!L47-'2024-25'!U46) -> 0 | Q47: =F50-L50 -> -0.55
A48: 20 | B48: 444 | C48: A | D48: Improvements to MDR road of Kudadarahaal-Haccholi-Vatthuvarani, ch.0.00 km to 17.40 Km(in selected reaches) in Siraguppa taluk, Ballary district. | E48: MDR SRG5 | F48: 5 | G48: 13.9 | J48: 13.9 | L48: =SUM(H48:K48) -> 13.9 | N48: =IF(G48='2024-25'!A:AA,0,'Width Wise'!G48-'2024-25'!T47) -> 0 | O48: =IF(L48='2024-25'!U47,0,'Width Wise'!L48-'2024-25'!U47) -> 0 | Q48: =F51-L51 -> 0
C49: B | D49: Improvements to MDR road from Kudadarahaal to Nadanga via Vatthuvarani ,kothalachintha ch.0.00 km to 9.50 Km (in selected reaches) in Siraguppa taluk , Ballary district. | E49: MDR SRG-29 DROPPED | F49: 8.52 | N49: =IF(G49='2024-25'!A:AA,0,'Width Wise'!G49-'2024-25'!T48) -> 0 | O49: =IF(L49='2024-25'!U48,0,'Width Wise'!L49-'2024-25'!U48) -> 0 | Q49: =F52-L52 -> -0.7
D50: Division total | F50: =SUM(F43:F49) -> 20.46 | G50: =SUM(G43:G49) -> 21.01 | H50: =SUM(H43:H49) -> 1.71 | I50: =SUM(I43:I49) -> 0 | J50: =SUM(J43:J49) -> 17.42 | K50: =SUM(K43:K49) -> 1.88 | L50: =SUM(L43:L49) -> 21.01 | N50: =IF(G50='2024-25'!A:AA,0,'Width Wise'!G50-'2024-25'!T49) -> 0 | O50: =IF(L50='2024-25'!U49,0,'Width Wise'!L50-'2024-25'!U49) -> 0 | Q50: =F53-L53 -> -0.019
A51: Vijayanagara Division | N51: =IF(G51='2024-25'!A:AA,0,'Width Wise'!G51-'2024-25'!T50) -> 0 | O51: =IF(L51='2024-25'!U50,0,'Width Wise'!L51-'2024-25'!U50) -> 0 | Q51: =F54-L54 -> 0.11
A52: 18 | B52: 442 | C52: A | D52: Improvements to MDR road from Nallapura to Hosachinnapura ch.6.00 km to 9.40 Km in Hospet taluk ,Ballary district. | E52: MDR HSP-217 | F52: 2.53 | G52: 3.23 | J52: 3.23 | L52: =SUM(H52:K52) -> 3.23 | N52: =IF(G52='2024-25'!A:AA,0,'Width Wise'!G52-'2024-25'!T51) -> 0 | O52: =IF(L52='2024-25'!U51,0,'Width Wise'!L52-'2024-25'!U51) -> 0 | Q52: =F55-L55 -> -1.84
C53: B | D53: Improvements to MDR road Connecting Ingalagi village to NH -63 km0.00 to 3.00 Km in Hospet taluk, Ballary district | E53: MDR HSP-221 | F53: 1.93 | G53: 1.949 | I53: 0.745 | J53: 0.885 | K53: 0.319 | L53: =SUM(H53:K53) -> 1.949 | N53: =IF(G53='2024-25'!A:AA,0,'Width Wise'!G53-'2024-25'!T52) -> 0 | O53: =IF(L53='2024-25'!U52,0,'Width Wise'!L53-'2024-25'!U52) -> 0 | Q53: =F56-L56 -> -1.21
C54: C | D54: Improvements to MDR road from Devalapura -Kamalapura , ch.10.00 km to 18.00 Km (in selected reaches) in Hospet taluk, Ballary district. | E54: MDR HSP-14 | F54: 7.74 | G54: 7.63 | J54: 7.63 | L54: =SUM(H54:K54) -> 7.63 | N54: =IF(G54='2024-25'!A:AA,0,'Width Wise'!G54-'2024-25'!T53) -> 0 | O54: =IF(L54='2024-25'!U53,0,'Width Wise'!L54-'2024-25'!U53) -> 0 | Q54: =F57-L57 -> 0.065
C55: D | D55: Improvements to MDR Road from Kondanayakanahalii to Danapura via Nagenahalli Thanda, ch.0.00 km to 6.00 Km in Hosapete taluk, Ballary district | E55: MDR HSP 213 | F55: 2.78 | G55: 5.7 | J55: 2.59 | K55: 2.03 | L55: =SUM(H55:K55) -> 4.62 | N55: =IF(G55='2024-25'!A:AA,0,'Width Wise'!G55-'2024-25'!T54) -> 0 | O55: =IF(L55='2024-25'!U54,0,'Width Wise'!L55-'2024-25'!U54) -> 0 | Q55: =F58-L58 -> 0.89
A56: 21 | B56: 445 | C56: A | D56: Improvements SH -131 road from Hampi to Kamalapura via Hagaribommnahally from ch.131.00 to ch 137.00 km, ch.140.00 to Ch 141.15.00 km & ch.153.00 to Ch 156.15 km in Kudligi taluk , Ballary district. | E56: SH-131(KDL44) | F56: 7.1 | G56: 8.31 | J56: 8.31 | L56: =SUM(H56:K56) -> 8.31 | N56: =IF(G56='2024-25'!A:AA,0,'Width Wise'!G56-'2024-25'!T55) -> 0 | O56: =IF(L56='2024-25'!U55,0,'Width Wise'!L56-'2024-25'!U55) -> 0 | Q56: =F59-L59 -> 0.13
C57: B | D57: Improvements MDR road from Hosahalli to Kanamadagu via Hagaribommanahalli from ch.1.22 Km to ch .7.30 km & ch.7.70km to Ch 8.75 km in Kudligi taluk ,Ballary district. | E57: MDR KDL 13 | F57: 6.67 | G57: 6.605 | J57: 6.605 | L57: =SUM(H57:K57) -> 6.605 | N57: =IF(G57='2024-25'!A:AA,0,'Width Wise'!G57-'2024-25'!T56) -> 0 | O57: =IF(L57='2024-25'!U56,0,'Width Wise'!L57-'2024-25'!U56) -> 0 | Q57: =F60-L60 -> 0.18
A58: 22 | B58: 593 | D58: Improvements SH -151 road from Itagi to Kanchikere via Chitageri,Kadabageri, Arasikere from ch.7.80 km to ch 25.00 km in Harapanahalli taluk, Ballary district. | E58: SH-151(HRP6) | F58: 10.25 | G58: 10.25 | I58: 9.36 | L58: =SUM(H58:K58) -> 9.36 | N58: =IF(G58='2024-25'!A:AA,0,'Width Wise'!G58-'2024-25'!T57) -> 0 | O58: =IF(L58='2024-25'!U57,0,'Width Wise'!L58-'2024-25'!U57) -> 0 | Q58: =F61-L61 -> -2.394
A59: 23 | B59: 446 | C59: A | D59: Improvements SH -45 road connecting Arabhavi and Challakere Via Gokak,Naragunda ch.217.80 km to ch 225.02 km in Hadagali taluk, Ballary district. | E59: SH-45(HDG202) | F59: 6.63 | G59: 6.5 | J59: 6.5 | L59: =SUM(H59:K59) -> 6.5 | N59: =IF(G59='2024-25'!A:AA,0,'Width Wise'!G59-'2024-25'!T58) -> 0 | O59: =IF(L59='2024-25'!U58,0,'Width Wise'!L59-'2024-25'!U58) -> 0 | Q59: =F62-L62 -> 0
C60: B | D60: Improvements SH -131 road from Hampi to Kamalapura via Hagaribommanahalli from ch.159.00 km to ch 169.30 in Kudalagi taluk,Ballary district. | E60: SH-131(KDL44) | F60: 5.41 | G60: 5.23 | I60: 0.33 | J60: 4.9 | L60: =SUM(H60:K60) -> 5.23 | N60: =IF(G60='2024-25'!A:AA,0,'Width Wise'!G60-'2024-25'!T59) -> 0 | O60: =IF(L60='2024-25'!U59,0,'Width Wise'!L60-'2024-25'!U59) -> 0 | Q60: =F63-L63 -> -0.35
D61: Division total | F61: =SUM(F52:F60) -> 51.04 | G61: =SUM(G52:G60) -> 55.404 | H61: =SUM(H52:H60) -> 0 | I61: =SUM(I52:I60) -> 10.435 | J61: =SUM(J52:J60) -> 40.65 | K61: =SUM(K52:K60) -> 2.349 | L61: =SUM(L52:L60) -> 53.434 | N61: =IF(G61='2024-25'!A:AA,0,'Width Wise'!G61-'2024-25'!T60) -> 0 | O61: =IF(L61='2024-25'!U60,0,'Width Wise'!L61-'2024-25'!U60) -> 0 | Q61: =F64-L64 -> -0.7
A62: Koppal Divison | N62: =IF(G62='2024-25'!A:AA,0,'Width Wise'!G62-'2024-25'!T61) -> 0 | O62: =IF(L62='2024-25'!U61,0,'Width Wise'!L62-'2024-25'!U61) -> 0 | Q62: =F65-L65 -> -3.53
A63: 24 | B63: 447 | D63: Improvements MDR road from Hosahalli to Koppala via Hirekasawadi,Halavarthi ch.0.00 km to ch 19.00 in Koppal taluk Koppal district. | E63: MDR 206(KOP206) | F63: 3.36 | G63: 3.71 | I63: 3.71 | L63: =SUM(H63:K63) -> 3.71 | N63: =IF(G63='2024-25'!A:AA,0,'Width Wise'!G63-'2024-25'!T62) -> 0 | O63: =IF(L63='2024-25'!U62,0,'Width Wise'!L63-'2024-25'!U62) -> 0 | Q63: =F66-L66 -> 2.15
A64: 25 | B64: 599 | D64: Improvement to SH-59 road from Kustagi- to Pattadakallu 0.00 km to 21.20 km ( in selected reaches) in Kushtagi taluk, Koppal district . | E64: SH-59 | F64: 5.3 | G64: 6 | H64: 0.72 | I64: 0.28 | J64: 5 | L64: =SUM(H64:K64) -> 6 | N64: =IF(G64='2024-25'!A:AA,0,'Width Wise'!G64-'2024-25'!T63) -> 0 | O64: =IF(L64='2024-25'!U63,0,'Width Wise'!L64-'2024-25'!U63) -> 0 | Q64: =F67-L67 -> 0.89
A65: 26 | B65: 448 | C65: A | D65: Improvements MDR road from Ginigera to Irkalagada ch.3.00 km to ch 13.00 (selected reaches) in Koppal taluk ,Koppal district. | E65: MDR (KOP18) | F65: 5.28 | G65: 8.81 | J65: 8.81 | L65: =SUM(H65:K65) -> 8.81 | N65: =IF(G65='2024-25'!A:AA,0,'Width Wise'!G65-'2024-25'!T64) -> 0 | O65: =IF(L65='2024-25'!U64,0,'Width Wise'!L65-'2024-25'!U64) -> 0 | Q65: =F68-L68 -> -0.15
C66: B | D66: Improvements MDR road from Gaddi to Hampasadurga upto NH-13 Ch.13.10 km to ch.15.90 km in Koppal taluk ,Koppal district. | E66: MDR KOP219 | F66: 2.15 | G66: 2.15 | L66: =SUM(H66:K66) -> 0 | N66: =IF(G66='2024-25'!A:AA,0,'Width Wise'!G66-'2024-25'!T65) -> 0 | O66: =IF(L66='2024-25'!U65,0,'Width Wise'!L66-'2024-25'!U65) -> 0 | Q66: =F69-L69 -> -5.24
C67: C | D67: Improvements to SH-130 road from Yelburga-Kankagiri-Gangavathi-Munirabad,70.00km to 74.00 and 79.00 km to 81.90 km in Gangavathi taluk Koppal District. | E67: SH-130 | F67: 3.79 | G67: 2.9 | I67: 1.08 | J67: 1.82 | L67: =SUM(H67:K67) -> 2.9 | N67: =IF(G67='2024-25'!A:AA,0,'Width Wise'!G67-'2024-25'!T66) -> 0 | O67: =IF(L67='2024-25'!U66,0,'Width Wise'!L67-'2024-25'!U66) -> 0 | Q67: =F70-L70 -> 0.08
A68: 27 | B68: 449 | D68: Improvements to SH-63 road from Raravi-Beluru Ch. 58.22 km to ch.75.42 km ( in selected reaches) in Kanakagiri taluk,Koppal District. | E68: SH-63(GAN94) | F68: 9.97 | G68: 10.21 | H68: 0.46 | I68: 9.66 | L68: =SUM(H68:K68) -> 10.12 | N68: =IF(G68='2024-25'!A:AA,0,'Width Wise'!G68-'2024-25'!T67) -> 0 | O68: =IF(L68='2024-25'!U67,0,'Width Wise'!L68-'2024-25'!U67) -> 0 | Q68: =F71-L71 -> -6.85
A69: 28 | B69: 450 | C69: A | D69: Improvements toMDR road from Kavalooru to Mangalore ch. 12.00 km to ch.14.50 & Ch.16.00 km to ch.23.80 ( in Selected reaches)Yelaburga taluk, Koppal district. | E69: MDR YL 7 | F69: 6.8 | G69: 12.04 | J69: 12.04 | L69: =SUM(H69:K69) -> 12.04 | N69: =IF(G69='2024-25'!A:AA,0,'Width Wise'!G69-'2024-25'!T68) -> 0 | O69: =IF(L69='2024-25'!U68,0,'Width Wise'!L69-'2024-25'!U68) -> 0 | Q69: =F72-L72 -> 0
C70: B | D70: Improvements to SH-129 road from Chikkahesaruru-Mudagal-Mungaragi ch. 85.20 km to 111.40 km ( in Selected reaches) in Yelaburga taluk ,Koppal district. | E70: SH-129 | F70: 4.65 | G70: 4.57 | J70: 4.57 | L70: =SUM(H70:K70) -> 4.57 | N70: =IF(G70='2024-25'!A:AA,0,'Width Wise'!G70-'2024-25'!T69) -> 0 | O70: =IF(L70='2024-25'!U69,0,'Width Wise'!L70-'2024-25'!U69) -> 0 | Q70: =F73-L73 -> 0
D71: Division total | F71: =SUM(F63:F70) -> 41.3 | G71: =SUM(G63:G70) -> 50.39 | H71: =SUM(H63:H70) -> 1.18 | I71: =SUM(I63:I70) -> 14.73 | J71: =SUM(J63:J70) -> 32.24 | K71: =SUM(K63:K70) -> 0 | L71: =SUM(L63:L70) -> 48.15 | N71: =IF(G71='2024-25'!A:AA,0,'Width Wise'!G71-'2024-25'!T70) -> 0 | O71: =IF(L71='2024-25'!U70,0,'Width Wise'!L71-'2024-25'!U70) -> 0 | Q71: =F74-L74 -> 0
A72: Raichur Division | N72: =IF(G72='2024-25'!A:AA,0,'Width Wise'!G72-'2024-25'!T71) -> 0 | O72: =IF(L72='2024-25'!U71,0,'Width Wise'!L72-'2024-25'!U71) -> 0 | Q72: =F75-L75 -> 0
A73: 29 | B73: 451 | D73: Improvements to MDR road connecting Guragunta Gowdaruru, Machanur ,Yelaghatta to Hosuru Ch:0.00 km to 19.00 km ( in selected reaches) Lingasugur taluk, Raichur district. | E73: MDR LIN 16 | F73: 7.41 | G73: 7.41 | J73: 7.41 | L73: =SUM(H73:K73) -> 7.41 | N73: =IF(G73='2024-25'!A:AA,0,'Width Wise'!G73-'2024-25'!T72) -> 0 | O73: =IF(L73='2024-25'!U72,0,'Width Wise'!L73-'2024-25'!U72) -> 0 | Q73: =F76-L76 -> 0
A74: 30 | B74: 452 | C74: A | D74: Improvements to SH-14 road from Ramadurga - Manvi via Badami,Pattadakallu,Hulagunda Ch:227.80 km to 236.00 in Manvi taluk, Raichur district. | E74: SH-14 | F74: 2 | G74: 2 | J74: 2 | L74: =SUM(H74:K74) -> 2 | N74: =IF(G74='2024-25'!A:AA,0,'Width Wise'!G74-'2024-25'!T73) -> 0 | O74: =IF(L74='2024-25'!U73,0,'Width Wise'!L74-'2024-25'!U73) -> 0 | Q74: =F77-L77 -> -1.19
C75: B | D75: Improvements to MDR road from Kavithala to Veerapura cross via Anwari village, Ch:4.00 km to 13.30 km road via Anvaari village,in Lingasuguru& Manvi Taluk, Raichur district. | E75: MAN 33 | F75: 1.82 | G75: 1.82 | J75: 1.82 | L75: =SUM(H75:K75) -> 1.82 | N75: =IF(G75='2024-25'!A:AA,0,'Width Wise'!G75-'2024-25'!T74) -> 0 | O75: =IF(L75='2024-25'!U74,0,'Width Wise'!L75-'2024-25'!U74) -> 0 | Q75: =F78-L78 -> -1.19
C76: C | D76: Improvements to road from sindanooru taluk bappuru kuduthini lingasooguru ch KM 0.00 to 16.00 in Raichur District | E76: LIN 206 | F76: 5.22 | G76: 5.22 | J76: 5.22 | L76: =SUM(H76:K76) -> 5.22 | N76: =IF(G76='2024-25'!A:AA,0,'Width Wise'!G76-'2024-25'!T75) -> 0 | O76: =IF(L76='2024-25'!U75,0,'Width Wise'!L76-'2024-25'!U75) -> 0 | Q76: =F79-L79 -> -0.03
A77: 31 | B77: 453 | D77: Improvements to road from SH-23 to Mukunda-Singapura road via Channahalli,Sindrampura, Mavinamadaguch. 0.00 km to 15.70km ( In selected reaches) in Sindanooru taluk ,Raichur district. | E77: MDR-SIN228 | F77: 4.71 | G77: 5.9 | J77: 5.9 | L77: =SUM(H77:K77) -> 5.9 | N77: =IF(G77='2024-25'!A:AA,0,'Width Wise'!G77-'2024-25'!T76) -> 0 | O77: =IF(L77='2024-25'!U76,0,'Width Wise'!L77-'2024-25'!U76) -> 0 | Q77: =F80-L80 -> 0.004
A78: 32 | B78: 454 | C78: A | D78: Improvements to MDR road from Gannadala to Jalahalli via Kakkaladoodi Kamaladinne, Maykaladoodi, Ch:0.00 km to 20.00km ( in Selected reaches) in Devadurga taluk, Raichur district. | E78: MDR DEV 209 | F78: 7.89 | G78: 9.78 | J78: 9.08 | L78: =SUM(H78:K78) -> 9.08 | N78: =IF(G78='2024-25'!A:AA,0,'Width Wise'!G78-'2024-25'!T77) -> 0 | O78: =IF(L78='2024-25'!U77,0,'Width Wise'!L78-'2024-25'!U77) -> 0 | Q78: =F81-L81 -> -0.2
C79: B | D79: Improvements to MDR road from Maladakallu cross Malledevaragoodda via karadigooda, Jagatagallu) Ch:0.00 km to 18.00 km ( In selected reaches) in Devadurga taluk ,Raichur district | E79: MDR DEV 216 | F79: 1.44 | G79: 1.47 | J79: 1.47 | L79: =SUM(H79:K79) -> 1.47 | N79: =IF(G79='2024-25'!A:AA,0,'Width Wise'!G79-'2024-25'!T78) -> 0 | O79: =IF(L79='2024-25'!U78,0,'Width Wise'!L79-'2024-25'!U78) -> 0 | Q79: =F82-L82 -> 0
A80: 33 | B80: 455 | C80: A | D80: Improvements to SH-61 road from Managooli-Bechaali upto NH-167 Ch. km 239.23 km to 241.19 km ( in Selected reaches) upto NH-167 in Raichur Taluk , Raichur district. | E80: SH-61 | F80: 1.02 | G80: 1.016 | J80: 1.016 | L80: =SUM(H80:K80) -> 1.016 | N80: =IF(G80='2024-25'!A:AA,0,'Width Wise'!G80-'2024-25'!T79) -> 0 | O80: =IF(L80='2024-25'!U79,0,'Width Wise'!L80-'2024-25'!U79) -> 0 | Q80: =F83-L83 -> -1.82
C81: B | D81: Improvements to road from SH-13 (NH-167) Yaragera Gillesooguru via Gannadala Ch KM 0.00 to 20.78 ( in Selected reaches) in Raichur Taluk ,Raichur district. | E81: SH-13 | F81: 2.7 | G81: 2.9 | J81: 2.9 | L81: =SUM(H81:K81) -> 2.9 | N81: =IF(G81='2024-25'!A:AA,0,'Width Wise'!G81-'2024-25'!T80) -> 0 | O81: =IF(L81='2024-25'!U80,0,'Width Wise'!L81-'2024-25'!U80) -> 0 | Q81: =F84-L84 -> 0.55
C82: C | D82: Improvements to road from NH-167 connecting H-127 via Ashapura Udumagal, Purathipli road CH KM 5.70 to 9.00 in Raicur Taluk, Raichur District. | E82: MDR RA15 | F82: 1.52 | G82: 1.52 | J82: 1.52 | L82: =SUM(H82:K82) -> 1.52 | N82: =IF(G82='2024-25'!A:AA,0,'Width Wise'!G82-'2024-25'!T81) -> 0 | O82: =IF(L82='2024-25'!U81,0,'Width Wise'!L82-'2024-25'!U81) -> 0 | Q82: =F85-L85 -> 1.41
A83: 34 | B83: 456 | C83: A | D83: Improvements to MDR road from Raichur-Buradipadha Ch:0.00 km to 6.00 km ( in Selected reaches) in Raichur Taluk ,Raichur district. | E83: MDR RAI 6 | F83: 1.78 | G83: 3.6 | H83: 1.78 | I83: 1.82 | L83: =SUM(H83:K83) -> 3.6 | N83: =IF(G83='2024-25'!A:AA,0,'Width Wise'!G83-'2024-25'!T82) -> 0 | O83: =IF(L83='2024-25'!U82,0,'Width Wise'!L83-'2024-25'!U82) -> 0 | Q83: =F86-L86 -> 0
C84: B | D84: Improvements to MDR road connecting Raichur and SH-127 via Ashapura, Purthipalli ch. 0.00 km to 5.00 km ( in Selected reaches) Raichur Taluk Raichur district | E84: MDR RAI 5 | F84: 1.85 | G84: 1.45 | H84: 1.3 | L84: =SUM(H84:K84) -> 1.3 | N84: =IF(G84='2024-25'!A:AA,0,'Width Wise'!G84-'2024-25'!T83) -> 0 | O84: =IF(L84='2024-25'!U83,0,'Width Wise'!L84-'2024-25'!U83) -> 0 | Q84: =F87-L87 -> -2.466
C85: C | D85: Improvements to MDR road from SH-167 ( Devasooguru Katagooda road) to Raichur -Yaklasapura via Ambavadi ch. 1.72 km to 3.10 km in Raichur taluk, Raichur District | E85: MDR RAI 215 | F85: 1.41 | G85: 0 | L85: =SUM(H85:K85) -> 0 | N85: =IF(G85='2024-25'!A:AA,0,'Width Wise'!G85-'2024-25'!T84) -> 0 | O85: =IF(L85='2024-25'!U84,0,'Width Wise'!L85-'2024-25'!U84) -> 0 | Q85: =F88-L88 -> -12.26
C86: D | D86: Improvements to MDR road from Basavana bhavi circle of Raichur -Singanodi road to Vidhanasaba nagara Ricemill ,ch. 0.00 km to 8.00 km ( selected reaches) in Raichur taluk , Raichur District. | E86: MDR RAI 206 | F86: 1.11 | G86: 1.11 | H86: 1.11 | L86: =SUM(H86:K86) -> 1.11 | N86: =IF(G86='2024-25'!A:AA,0,'Width Wise'!G86-'2024-25'!T85) -> 0 | O86: =IF(L86='2024-25'!U85,0,'Width Wise'!L86-'2024-25'!U85) -> 0 | Q86: =F89-L89 -> 0
D87: Division total | F87: =SUM(F73:F86) -> 41.88 | G87: =SUM(G73:G86) -> 45.196 | H87: =SUM(H73:H86) -> 4.19 | I87: =SUM(I73:I86) -> 1.82 | J87: =SUM(J73:J86) -> 38.336 | K87: =SUM(K73:K86) -> 0 | L87: =SUM(L73:L86) -> 44.346 | N87: =IF(G87='2024-25'!A:AA,0,'Width Wise'!G87-'2024-25'!T86) -> 0 | O87: =IF(L87='2024-25'!U86,0,'Width Wise'!L87-'2024-25'!U86) -> 0 | Q87: =F90-L90 -> 0
D88: Ballary Circle Total | F88: =F87+F71+F61+F50 -> 154.68 | G88: =G87+G71+G61+G50 -> 172 | H88: =H87+H71+H61+H50 -> 7.08 | I88: =I87+I71+I61+I50 -> 26.985 | J88: =J87+J71+J61+J50 -> 128.646 | K88: =K87+K71+K61+K50 -> 4.229 | L88: =L87+L71+L61+L50 -> 166.94 | N88: =IF(G88='2024-25'!A:AA,0,'Width Wise'!G88-'2024-25'!T87) -> 0 | O88: =IF(L88='2024-25'!U87,0,'Width Wise'!L88-'2024-25'!U87) -> 0 | Q88: =F91-L91 -> 0
A89: Dharwad Cricle | N89: =IF(G89='2024-25'!A:AA,0,'Width Wise'!G89-'2024-25'!T88) -> 0 | O89: =IF(L89='2024-25'!U88,0,'Width Wise'!L89-'2024-25'!U88) -> 0 | Q89: =F92-L92 -> -0.58
A90: Dharwad Division | N90: =IF(G90='2024-25'!A:AA,0,'Width Wise'!G90-'2024-25'!T89) -> 0 | O90: =IF(L90='2024-25'!U89,0,'Width Wise'!L90-'2024-25'!U89) -> 0 | Q90: =F93-L93 -> 0
A91: 35 | B91: 457 | C91: A | D91: Improvements to Padubidri-Chikkalagudda SH-01 from Ch: 340.30 to 356.97 Km (in selected reaches) in Kalaghatagi taluk of Dharwad District. | E91: SH-01 | F91: 9.695 | G91: 9.695 | I91: 9.695 | L91: =SUM(H91:K91) -> 9.695 | N91: =IF(G91='2024-25'!A:AA,0,'Width Wise'!G91-'2024-25'!T90) -> 0 | O91: =IF(L91='2024-25'!U90,0,'Width Wise'!L91-'2024-25'!U90) -> 0 | Q91: =F94-L94 -> -0.65
C92: B | D92: Improvements to Managundi-Tadasinakoppa from Ch: 0.00 Km to 5.00 Km (in selected reaches) in Dharwad taluk of Dharwad District. | E92: MDR | F92: 2.04 | G92: 2.62 | J92: 2.62 | L92: =SUM(H92:K92) -> 2.62 | N92: =IF(G92='2024-25'!A:AA,0,'Width Wise'!G92-'2024-25'!T91) -> 0 | O92: =IF(L92='2024-25'!U91,0,'Width Wise'!L92-'2024-25'!U91) -> 0 | Q92: =F95-L95 -> 0
A93: 36 | B93: =B91+1 -> 458 | C93: A | D93: Improvements to Beedi-Belavanaki SH-56 from Ch: 62.40 to 69.28 Km (in selected reaches) in Navalagund taluk of Dharwad District. (B) | E93: SH-56 | F93: 6.42 | G93: 6.42 | J93: 6.42 | L93: =SUM(H93:K93) -> 6.42 | N93: =IF(G93='2024-25'!A:AA,0,'Width Wise'!G93-'2024-25'!T92) -> 0 | O93: =IF(L93='2024-25'!U92,0,'Width Wise'!L93-'2024-25'!U92) -> 0 | Q93: =F96-L96 -> 0
C94: B | D94: Improvements to Supa-Annigeri SH-28 from Ch:108.77 to 114.77 Km (in selected reaches) in Navalagund taluk of Dharwad District. | E94: SH-28 | F94: 1.53 | G94: 2.18 | J94: 2.18 | L94: =SUM(H94:K94) -> 2.18 | N94: =IF(G94='2024-25'!A:AA,0,'Width Wise'!G94-'2024-25'!T93) -> 0 | O94: =IF(L94='2024-25'!U93,0,'Width Wise'!L94-'2024-25'!U93) -> 0 | Q94: =F97-L97 -> -3.972
C95: C | D95: Improvements to Supa-Annigeri SH-28 from Ch: 84.70 to 99.30 Km (in selected reaches) in Hubballi taluk of Dharwad District. | E95: SH-28 | F95: 6.42 | G95: 6.42 | I95: 0.43 | J95: 5.99 | L95: =SUM(H95:K95) -> 6.42 | N95: =IF(G95='2024-25'!A:AA,0,'Width Wise'!G95-'2024-25'!T94) -> 0 | O95: =IF(L95='2024-25'!U94,0,'Width Wise'!L95-'2024-25'!U94) -> 0 | Q95: =F98-L98 -> 0
A96: 37 | B96: =B93+1 -> 459 | C96: A | D96: Improvements to Samshi-Gudageri road from 0.0 to 11.0Km in Kundagol taluka | E96: MDR | F96: 6.45 | G96: 6.45 | J96: 6.45 | L96: =SUM(H96:K96) -> 6.45 | N96: =IF(G96='2024-25'!A:AA,0,'Width Wise'!G96-'2024-25'!T95) -> 0 | O96: =IF(L96='2024-25'!U95,0,'Width Wise'!L96-'2024-25'!U95) -> 0 | Q96: =F99-L99 -> -0.12
C97: B | D97: Improvements to Pashupatihal-Rottigavad MDR road Ch 0.0km to 3.18Km, 3.9 to 9.3Km and 11.00 to 13.5Km in Kundagol tq. | E97: MDR | F97: 5.73 | G97: 9.702 | J97: 9.702 | L97: =SUM(H97:K97) -> 9.702 | N97: =IF(G97='2024-25'!A:AA,0,'Width Wise'!G97-'2024-25'!T96) -> 0 | O97: =IF(L97='2024-25'!U96,0,'Width Wise'!L97-'2024-25'!U96) -> 0 | Q97: =F100-L100 -> -0.02
C98: C | D98: Improvements to Hireharakuni Shishuvinal road upto Kundagol tq limit (MDR) from Ch: 0.00 Km to 5.16 Km in Kundagol tq . | E98: MDR | F98: 3.75 | G98: 3.75 | K98: 3.75 | L98: =SUM(H98:K98) -> 3.75 | N98: =IF(G98='2024-25'!A:AA,0,'Width Wise'!G98-'2024-25'!T97) -> 0 | O98: =IF(L98='2024-25'!U97,0,'Width Wise'!L98-'2024-25'!U97) -> 0 | Q98: =F101-L101 -> -0.289
C99: D | D99: Improvements to Varur-Hindasageri via (NH-04) from Surashettikoppa road upto Hubballi city limit road (MDR) from Ch: 0.0 Km to 2.0Km (in selected reaches) in Hubballi tq of Dharwad District. | E99: MDR | F99: 1.6 | G99: 1.72 | J99: 1.6 | K99: 0.12 | L99: =SUM(H99:K99) -> 1.72 | N99: =IF(G99='2024-25'!A:AA,0,'Width Wise'!G99-'2024-25'!T98) -> 0 | O99: =IF(L99='2024-25'!U98,0,'Width Wise'!L99-'2024-25'!U98) -> 0 | Q99: =F102-L102 -> 0.144
A100: =A96+1 -> 38 | B100: =B96+1 -> 460 | C100: A | D100: Improvements to Veerapura Toll-Manturu MDR road from Ch: 0.40 to 3.00 Km (in selected reaches) in Hubballi taluk of Dharwad District. | E100: MDR | F100: 2.08 | G100: 2.1 | H100: 2.1 | L100: =SUM(H100:K100) -> 2.1 | N100: =IF(G100='2024-25'!A:AA,0,'Width Wise'!G100-'2024-25'!T99) -> 0 | O100: =IF(L100='2024-25'!U99,0,'Width Wise'!L100-'2024-25'!U99) -> 0 | Q100: =F103-L103 -> -0.302
...

Sheet District wise
A1: 46081
A2: Phase IV Stage-II Progress District Wise
A3: Sl No | B3: District | C3: No Of Packages | D3: No Of Packages Completed | E3: Completed works | F3: Improvement in Km | G3: Financial Progress | H3: Completed | I3: Zone | K3: Balance works
A5: 1 | B5: Kalburgi | C5: 8 | E5: 29 | F5: ='2024-25'!U24+'2024-25'!U29 -> 68.655 | G5: 12615.97 | H5: 4 | I5: =SUM(F5:F10) -> 311.525 | J5: NE | K5: 5 | L5: 433441593454456
A6: 2 | B6: Bidar | C6: 4 | F6: ='2024-25'!U14 -> 30.21 | G6: 13763.22 | H6: 2
A7: 3 | B7: Yadgir | C7: 4 | F7: ='2024-25'!U38 -> 45.72 | G7: 8736.12 | H7: 1
A8: 4 | B8: Bellary | C8: 7 | F8: ='2024-25'!U49+'2024-25'!U60 -> 74.444 | G8: 15832.15 | H8: 0 | P8: 34
A9: 5 | B9: Raichur | C9: 6 | F9: ='2024-25'!U86 -> 44.346 | G9: 13854.09 | H9: 1
A10: 6 | B10: Koppal | C10: 5 | F10: ='2024-25'!U70 -> 48.15 | G10: 12162.15 | H10: 1
A11: 7 | B11: Dharwad | C11: 7 | E11: 56 | F11: ='2024-25'!U108 -> 76.124 | G11: 9842.8 | H11: 0 | I11: =SUM(F11:F17) -> 718.355 | J11: N | K11: 2
A12: 8 | B12: Gadag | C12: 4 | F12: ='2024-25'!U124 -> 77.84 | G12: 6163.25 | H12: 3 | P12: 58
A13: 9 | B13: Haveri | C13: 7 | F13: ='2024-25'!U146 -> 113.17 | G13: 10413.23 | H13: 2 | L13: 475,495,
A14: 10 | B14: Uttar Kannada | C14: 7 | F14: ='2024-25'!U159+'2024-25'!U168 -> 134.971 | G14: 10582.91 | H14: 2
A15: 11 | B15: Belgaum | C15: 19 | F15: ='2024-25'!U213+'2024-25'!U233 -> 189.57 | G15: 17561.66 | H15: =4+8 -> 12
A16: 12 | B16: Vijayapura | C16: 8 | F16: ='2024-25'!U181 -> 55.68 | G16: 41467.11 | H16: 1
A17: 13 | B17: Bagalkote | C17: 6 | F17: ='2024-25'!U197 -> 71 | G17: 11122.08 | H17: 3
A18: 14 | B18: Davanagere | C18: 5 | E18: 31 | F18: ='2024-25'!U257 -> 74.538 | G18: 11687.1 | H18: 0 | I18: =SUM(F18:F20)+F21+F22+F23 -> 536.362 | J18: Central | K18: 3
A19: 15 | B19: Chitradurga | C19: 7 | F19: ='2024-25'!U275 -> 101.3 | G19: 15298.04 | H19: 4
A20: 16 | B20: Shimoga | C20: 7 | F20: ='2024-25'!U286+'2024-25'!U295 -> 106.585 | G20: 12239.84 | H20: =0 -> 0 | L20: 514515544 | P20: 34
A21: 17 | B21: Udupi | C21: 4 | F21: ='2024-25'!U331 -> 61.429 | G21: 11435.03 | H21: 1
A22: 18 | B22: Dakishna Kannada | C22: 7 | F22: ='2024-25'!U356 -> 82.02 | G22: 9605.64 | H22: 3
A23: 19 | B23: Chickmagaluru | C23: 4 | F23: ='2024-25'!U313 -> 110.49 | G23: 12011.04 | H23: 3
A24: 20 | B24: Bangalore | C24: 6 | E24: 46 | F24: ='2024-25'!U385 -> 95.316 | G24: 8526.74 | H24: 0 | I24: =SUM(F24:F31)+F32+F33 -> 703.405 | J24: South | K24: 6
A25: 21 | B25: C B pura | C25: 3 | F25: ='2024-25'!U436 -> 48.086 | G25: 11900.3 | H25: 2 | L25: 548552573574606
A26: 22 | B26: Ramanagara | C26: 3 | F26: ='2024-25'!U392+'2024-25'!U397 -> 55.74 | G26: 15611.02 | H26: 1 | P26: 52
A27: 23 | B27: Kolar | C27: 3 | F27: ='2024-25'!U450 -> 58.993 | G27: 11594.3 | H27: 0
A28: 24 | B28: Tumkur | C28: 11 | F28: ='2024-25'!U417+'2024-25'!U426 -> 110.989 | G28: 27652.69 | H28: 8
A29: 25 | B29: Mandya | C29: 7 | F29: ='2024-25'!U482 -> 68.825 | G29: 25220.98 | H29: 2
A30: 26 | B30: Mysore | C30: 5 | F30: ='2024-25'!U496+'2024-25'!U508 -> 68.35 | G30: 21611.53 | H30: 2
A31: 27 | B31: Chamarajnagar | C31: 4 | F31: ='2024-25'!U525 -> 46.744 | G31: 6139.84 | H31: 0
A32: 28 | B32: Kodagu | C32: 3 | F32: ='2024-25'!U555 -> 51.388 | G32: 2441.14 | H32: 3
A33: 29 | B33: Hassan | C33: 7 | F33: ='2024-25'!U547 -> 98.974 | G33: 46455.14 | H33: 4
A34: TOTAL | C34: =SUM(C5:C33) -> 178 | D34: =SUM(D5:D33) -> 0 | E34: =SUM(E5:E33) -> 162 | F34: =SUM(F5:F33) -> 2269.647 | G34: =SUM(G5:G33) -> 433547.11 | H34: =SUM(H5:H33) -> 65 | I34: =SUM(I5:I33) -> 2269.647 | K34: =SUM(K5:K33) -> 16
C35: 178
F36: =I34-F34 -> 0
E37: =C34-E34 -> 16 | K37: =I34-K34 -> 2253.647 | N37: =34-28 -> 6
A46: V stage-I nov | B46: 0 | C46: 23.83 | D46: 0 | E46: 21.22 | F46: 0 | I46: 45.05 | K46: 21.22
A47: V stage-I dec | B47: 0 | C47: 23.83 | D47: 8.77 | E47: 29.99 | F47: 11 | I47: 64.82 | K47: 29.99
A48: diff | B48: =B47-B46 -> 0 | C48: =C47-C46 -> 0 | D48: =D47-D46 -> 8.77 | E48: =E47-E46 -> 8.77 | F48: =F47-F46 -> 11 | G48: =G47-G46 -> 0 | H48: =H47-H46 -> 0 | I48: =I47-I46 -> 19.77 | K48: =K47-K46 -> 8.77

Sheet 2022-23 (6)
A1: GOVERNMENT OF KARNATAKA, PIU - STATE HIGHWAY DEVELOPMENT PROJECT, K.R.CIRCLE, BANGALORE
A2: Package wise Details of Phase-4 Stage-2
A4: 1 | B4: 2 | D4: 3 | E4: 4 | F4: 5 | G4: 6 | I4: 7 | J4: 8 | K4: 9 | L4: 10 | O4: 11 | P4: 12 | Q4: 13 | R4: 14 | S4: 15 | T4: 16 | U4: 17 | V4: 18 | W4: 19 | X4: 20 | Y4: 21 | Z4: 22 | AA4: 23
A5: Sl No | B5: PKG No | D5: Name of Work | E5: SH/ MDR | F5: CER No | G5: Administrative Approved Amount (Rs. in lakhs) | H5: Total Package Cost (Rs. in lakhs) | I5: Technical sanctioned Amount (Rs. in lakhs) | J5: Contract Amount (in Lakhs) | K5: Variation Amount (Rs. in lakhs) | L5: Revised Contract Amount including VO (Rs. in lakhs) | M5: Revised Contract Amount With GST | N5: Revised Contract Amount +PMC cost With GST | O5: Name of Agency | P5: Stipulated Date | S5: Length Proposed as per DPR in Km | T5: Length Proposed as per VO in Km | U5: Physical Progress | W5: Balance Length ( Km ) | X5: Financial Progress | Z5: Balance (Financial amount) Rs. In Lakhs | AA5: Remarks
P6: Commencement | Q6: Completion | R6: Revised Completion Date | U6: Total Length Completed (in km) | V6: % Progress | X6: Total Cost (Rs. In Lakhs) | Y6: % Progress
A7: Kalaburagi Circle
A8: Bidar Division
A9: 1 | B9: 429 | C9: A | D9: Improvements to SH-122 Maharastra Border Murki-Aurad-Handarki from Km 0.00 to Km 62.40 (in selected reaches) in Aurad Taluka of Bidar District. | E9: SH- 122 | F9: 9 | G9: 2300 | H9: 3300 | I9: 2847.57 | J9: 3360.22 | K9: 836.68 | L9: 4196.9 | O9: M/s JS Infra Private Ltd, | P9: 30.5.2022 | Q9: 30.11.2023 | S9: 9.7 | T9: 11.4 | U9: 11.15 | V9: 0.97807018 | W9: 0.25 | X9: 2485.34 | Y9: 0.59218471 | Z9: 1711.56 | AA9: 0.25 Km GSB+WMM+DBM+BC & CC drain Pending
C10: B | D10: Improvements to SH-34 Aurad - Sadashivagad, from Km 21.00 to Km 72.50 (in selected reaches) in Bhalki Taluka of Bidar District. | E10: SH-34 | F10: 18 | G10: 1000 | S10: 4.41 | T10: 6.04 | U10: 4.41 | V10: 0.73013245 | W10: 1.63 | AA10: 1.63 Km BC Pending
A11: 2 | B11: 602 | D11: Improvements to SH-122 Maharastra Border -Murki-Aurad-Handarki from Km 117.80 to Km 123.31 (in selected reaches) in Chitaguppa Taluka of Bidar District | E11: SH -122 | F11: 30 | G11: 950 | H11: 950 | I11: 818.33 | J11: 965.64 | L11: 965.64 | O11: Kotarki Laxman Sangamesh ( M/S Kotarki Constructions Private Limited) | P11: 44772 | Q11: 45106 | S11: 4 | T11: 4 | U11: 0 | V11: 0 | W11: 4 | X11: 0 | Y11: 0 | Z11: 965.64 | AA11: 4.00 Km SG+GSB+WMM+DBM+BC Pending, Instructed EE, PWD to submit resending proposal
D12: Division Total | G12: =SUM(G9:G11) -> 4250 | H12: =SUM(H9:H11) -> 4250 | I12: =SUM(I9:I11) -> 3665.9 | J12: =SUM(J9:J11) -> 4325.86 | K12: =SUM(K9:K11) -> 836.68 | L12: =SUM(L9:L11) -> 5162.54 | M12: =SUM(M9:M11) -> 0 | N12: =SUM(N9:N11) -> 0 | S12: =SUM(S9:S11) -> 18.11 | T12: =SUM(T9:T11) -> 21.44 | U12: =SUM(U9:U11) -> 15.56 | V12: =SUM(V9:V11) -> 1.7082026 | W12: =SUM(W9:W11) -> 5.88 | X12: =SUM(X9:X11) -> 2485.34 | Z12: =SUM(Z9:Z11) -> 2677.2
A13: Kalaburagi Division
A14: 3 | B14: 603 | D14: Improvements to MDR from NH-218, Kattisangavi to Yenkanchi (SH-16) via Madari-Yengunta- Naribol-Biral(B)-Ganvar-Chigralli-ijeri-alur-kadkol-manashivanagi from Km 40.00 to 50.00 Km (in selected reaches) ( from chigralli cross to yedrami )in Jevargi Taluka of Kalaburagi District. | E14: JEW45 | F14: 45 | G14: 950 | H14: 950 | I14: 817.94 | J14: 940.64 | L14: 940.64 | O14: Sri. Mohammed Sirajuddin, Kalaburagai | P14: 44702 | Q14: 45036 | S14: 5.2 | T14: 5.2 | U14: 0 | V14: 0 | W14: 5.2 | X14: 115 | Y14: 0.12225719 | Z14: 825.64 | AA14: 0.77 Km Sub grade, 1.19 Km GSB, Km, 2.19 Km WMM, 3.087 Km DBM & 5.176 Km BC pending.
A15: 4 | B15: 433 | D15: Improvements to road from Kadagunchi-Bodana road (MDR) to Tonasalli (SH125), MDR from Km 0.00 to Km17.50 and Km 26.50 to Km 35.00 (in selected reaches) in Kalaburagi Taluka of Kalaburagi District. | E15: New MDR | F15: 50 | G15: 2100 | H15: 2100 | I15: 1808.92 | J15: 2261.15 | L15: 2261.15 | O15: Sri. Shivkant C Mahajan, Kalaburagi | P15: 44727 | Q15: 45274 | S15: 9.935 | T15: 9.935 | U15: 0 | V15: 0 | W15: 9.935 | X15: 1158.66 | Y15: 0.51242067 | Z15: 1102.49 | AA15: 1.08 Km SG & 1.14 Km GSB, 0.75 Km WMM+BM & 9.275 Km BC & 0.39 Km CC Road & CC drain pending
D16: Division Total | G16: =SUM(G14:G15) -> 3050 | H16: =SUM(H14:H15) -> 3050 | I16: =SUM(I14:I15) -> 2626.86 | J16: =SUM(J14:J15) -> 3201.79 | K16: =SUM(K14:K15) -> 0 | L16: =SUM(L14:L15) -> 3201.79 | M16: =SUM(M14:M15) -> 0 | N16: =SUM(N14:N15) -> 0 | S16: =SUM(S14:S15) -> 15.135 | T16: =SUM(T14:T15) -> 15.135 | U16: =SUM(U14:U15) -> 0 | W16: =SUM(W14:W15) -> 15.135 | X16: =SUM(X14:X15) -> 1273.66 | Z16: =SUM(Z14:Z15) -> 1928.13
A17: Sedam Division
A18: 5 | B18: 435 | D18: Improvements to SH-122 Maharastra Border - Murki-Aurad-Handarki, from Km 153.80 to Km 164.00 Km and Km 207.00 to Km 218.77 (in selected reaches) in Sedam/ Chincholi Taluka of Kalaburagi District | E18: SH-122 | F18: 66 | G18: 2250 | H18: 2250 | I18: 1938.02 | J18: 2238.42 | K18: 217.96 | L18: 2456.38 | O18: Siddappagouda Patil | P18: 31.5.2022 | Q18: 30.11.2023 | S18: 11.81 | T18: 11.81 | U18: 7.62 | V18: 0.64521592 | W18: 4.19 | X18: 452.91 | Y18: 0.18438108 | Z18: 2003.47 | AA18: 0.2 Km SG ,2.42 km GSB, 2.22 Km WMM+DBM, 3.35 Km BC & 0.2 Km DLC+PQC & CC drain pending
A19: 6 | B19: 600 | D19: Improvements to SH-32 Umarga border-Aland-VK Salagar-Mahagaon -Sulepet road, from Km 80.00 to Km 118.00 via Herur Cross - Sulepet (in selected reaches) in Chincholi Taluka of Kalaburagi District. | E19: SH-32 | F19: 72 | G19: 2250 | H19: 2250 | I19: 1938.3 | J19: 2289.8 | K19: 209.42 | L19: 2499.22 | O19: M/s Sharada Construction Pvt Ltd | P19: 44727 | Q19: 45274 | S19: 13.83 | T19: 13.83 | U19: 0 | V19: 0 | W19: 13.83 | X19: 923.33 | Y19: 0.36944727 | Z19: 1575.89 | AA19: 0.40 Km SG+GSB+WMM+DBM & 13.727 Km BC work pending
D20: Division Total | G20: =SUM(G18:G19) -> 4500 | H20: =SUM(H18:H19) -> 4500 | I20: =SUM(I18:I19) -> 3876.32 | J20: =SUM(J18:J19) -> 4528.22 | K20: =SUM(K18:K19) -> 427.38 | L20: =SUM(L18:L19) -> 4955.6 | M20: =SUM(M18:M19) -> 0 | N20: =SUM(N18:N19) -> 0 | S20: =SUM(S18:S19) -> 25.64 | T20: =SUM(T18:T19) -> 25.64 | U20: =SUM(U18:U19) -> 7.62 | W20: =SUM(W18:W19) -> 18.02 | X20: =SUM(X18:X19) -> 1376.24 | Z20: =SUM(Z18:Z19) -> 3579.36
A21: Yadgir Division
A22: 7 | B22: 437 | C22: A | D22: Improvements to road Maharastra Border to Raichur Border (Markel- Kollur-Bilihar) road, MDR from Km 3.00 Km 9.00 (in selected reaches) in Wadgera Taluka of Yadgir District. | E22: New SH | F22: 88 | G22: 860 | H22: 2150 | I22: 1851.53 | J22: 2090.18 | K22: 199.72 | L22: 2289.9 | O22: Shri.Siddappagouda Patil, Yadgir | P22: 44727 | Q22: 45274 | S22: 4.75 | T22: 4.75 | U22: 0 | V22: 0 | W22: 4.75 | X22: 485.96 | Y22: 0.21221887 | Z22: 1803.94 | AA22: 0.8 Km GSB++DLC+PQC & 3.90 Km BC pending 1.35 Km GSB+WMM+DBM+BC work & CC drain pending
C23: B | D23: Improvements to road NH-150A to SH-127 Sangam-Raichur Border, MDR from Km16.30 to Km 57.00 (in selected reaches) in Wadgera Taluka of Yadgir District. | E23: SHA35 | F23: 90 | G23: 860 | S23: 4.95 | T23: 5.31 | U23: 4.95 | V23: 0.93220339 | W23: 0.36 | AA23: 0.36 Km Road work is in Progress
C24: C | D24: Improvements to road Kurakunda to Bilhar Via Hortur, Halgera, Godihal Kumanur, Arjunagi, Kandalli, MDR from Km 0.00 to Km 13.00 (in selected reaches) in Wadgera Taluka of Yadgir District. | E24: MDR | F24: 91 | G24: 430 | S24: 2.3 | T24: 2.3 | U24: 0 | V24: 0 | W24: 2.3 | AA24: 2.30 Km WMM+DBM+BC pending road work
A25: 8 | B25: 440 | D25: Improvements to SH-155 from Pattan cross(SH-10) to Narayanapura dam Km110.00 to KM 167.30 (in selected reaches) in Shorapur Taluka of Yadgir District. | E25: SH-155 | F25: 94 | G25: 2700 | H25: 2700 | I25: 2323.03 | J25: 2760.38 | K25: 595.48 | L25: 3355.86 | O25: Sri. Basangouda Allikoti, Yadgir | P25: 44727 | Q25: 45274 | S25: 48.52 | T25: 16.534 | U25: 4.35 | V25: 0.26309423 | W25: 12.184 | X25: 265 | Y25: 0.078966345 | Z25: 3090.86 | AA25: 12.18 Km SG+GSB+WMM+DBM 15.23 Km BC & 0.108 Km CC & CC drain pending
D26: Division Total | G26: =SUM(G22:G25) -> 4850 | H26: =SUM(H22:H25) -> 4850 | I26: =SUM(I22:I25) -> 4174.56 | J26: =SUM(J22:J25) -> 4850.56 | K26: =SUM(K22:K25) -> 795.2 | L26: =SUM(L22:L25) -> 5645.76 | M26: =SUM(M22:M25) -> 0 | N26: =SUM(N22:N25) -> 0 | S26: =SUM(S22:S25) -> 60.52 | T26: =SUM(T22:T25) -> 28.894 | U26: =SUM(U22:U25) -> 9.3 | W26: =SUM(W22:W25) -> 19.594 | X26: =SUM(X22:X25) -> 750.96 | Z26: =SUM(Z22:Z25) -> 4894.8
D27: Kalburgi Circle Total | G27: =G26+G20+G12 -> 13600 | H27: =H26+H20+H12 -> 13600 | I27: =I26+I20+I12 -> 11716.78 | J27: =J26+J20+J12 -> 13704.64 | K27: =K26+K20+K12 -> 2059.26 | L27: =L26+L20+L12 -> 15763.9 | M27: =M26+M20+M12 -> 0 | N27: =N26+N20+N12 -> 0 | S27: =S26+S20+S12 -> 104.27 | T27: =T26+T20+T12 -> 75.974 | U27: =U26+U20+U12 -> 32.48 | W27: =W26+W20+W12 -> 43.494 | X27: =X26+X20+X12 -> 4612.54 | Z27: =Z26+Z20+Z12 -> 11151.36
A28: Ballary Circle
A29: Ballary Division
A30: 9 | B30: 441 | C30: A | D30: Improvements to MDR road of Ballary - Kalyanadurga Ch.0.80 km to 2.00 Km ( double road) in Ballary taluk, Ballary district. | E30: MDRBER6 | F30: 96/21-22 | G30: 600 | H30: 1400 | I30: 1197.28 | J30: 1292.96 | L30: 1292.96 | O30: Sri. T Ramanjaneya Reddy, Mysore | P30: 44747 | Q30: 45203 | S30: 1.08 | T30: 1.08 | U30: 0.275 | V30: 0.25462963 | W30: 0.805 | X30: 320.79 | Y30: 0.24810512 | Z30: 972.17 | AA30: Sub Grade-0.525 kmGSB-0.525 kmWMM-0.525 km DBM-0.275 kmBC-0.275 km CC Drain-1.205 km completed
C31: B | D31: Improvements MDR road from Kampli-Kurugodu-Kuduthini-Haraginidoni-Ballary-Aluru via Moka village Devalapura -Kamalapura from ch.88.99 km to 90.39 Km (in selected reaches) in Ballary taluk,Ballary district. | E31: SH-132(BER19) | F31: 97/21-22 | G31: 800 | S31: 1.06 | T31: 1.06 | U31: 0.35 | V31: 0.33018868 | W31: 0.71 | AA31: Sub Grade-6.600 km GSB-0.600 km WMM-0.300 km DBM-0.300 km BC-0.300 km CC Drain-0.600 km completed Box Culvert work in progress 2x2,2v & 2x2,1v
A32: 10 | B32: 443 | C32: A | D32: Improvements to road from maruthi camp somasandra Siddammanahalli to Yarangalli village road chainage 5.00 Km to 9.50 Km in kurugodu Taluk Bellary District. | E32: MDR | F32: 111/21-22 | G32: 400 | H32: 950 | I32: 813.27 | J32: 934.45 | K32: 89.79 | L32: 1024.24 | O32: Sri. Kalkutiginahal Masididipura Praveen Kumar (Sri Siddarameswara Construction), Ballary | P32: 44720 | Q32: 45053 | S32: 2.05 | T32: 2.05 | U32: 2.05 | V32: 1 | W32: 0 | X32: 555.41 | Y32: 0.54226548 | Z32: 468.83 | AA32: Road furniture work is in Progress
C33: B | D33: Improvements to road from Kanivathimmalapura village to Ramasagara road Chainage 0.00 Km to 4.00 Km in Kampli Taluk Bellary District | E33: MDR | F33: 123/21-22 | G33: 300 | S33: 1.4 | T33: 2 | U33: 0 | V33: 0 | W33: 2 | AA33: 1.90km WMM under progress
C34: C | D34: Improvements to road from Kuduthini to orvaayi cross road chainage 15.00 Km to 18.50 Km in Kurgodu Taluk Bellary District. | E34: MDR | F34: 135/21-22 | G34: 250 | S34: 1.35 | T34: 1.35 | U34: 1.35 | V34: 1 | W34: 0 | AA34: Road furniture work is in Progress
D35: Division total | G35: =SUM(G30:G34) -> 2350 | H35: =SUM(H30:H34) -> 2350 | I35: =SUM(I30:I34) -> 2010.55 | J35: =SUM(J30:J34) -> 2227.41 | K35: =SUM(K30:K34) -> 89.79 | L35: =SUM(L30:L34) -> 2317.2 | M35: =SUM(M30:M34) -> 0 | N35: =SUM(N30:N34) -> 0 | S35: =SUM(S30:S34) -> 6.94 | T35: =SUM(T30:T34) -> 7.54 | U35: =SUM(U30:U34) -> 4.025 | W35: =SUM(W30:W34) -> 3.515 | X35: =SUM(X30:X34) -> 876.2 | Z35: =SUM(Z30:Z34) -> 1441
A36: Vijayanagara Division
A37: 11 | B37: 442 | C37: A | D37: Improvements to MDR road from Nallapura to Hosachinnapura ch.6.00 km to 9.40 Km in Hospet taluk ,Ballary district. | E37: MDR HSP-217 | F37: 98/21-22 | G37: 400 | H37: 2300 | I37: 1961.66 | J37: 2315.76 | K37: 156.75 | L37: 2472.51 | O37: Sri. Sali Basavaraj, Hosapete | P37: 44729 | Q37: 45276 | S37: 2.53 | T37: 3.23 | U37: 3.23 | V37: 1 | W37: 0 | X37: 1131.66 | Y37: 0.45769683 | Z37: 1340.85 | AA37: Road furniture work is in Progress
C38: B | D38: Improvements to MDR road Connecting Ingalagi village to NH -63 km0.00 to 3.00 Km in Hospet taluk, Ballary district | E38: MDR HSP-221 | F38: 99/21-22 | G38: 500 | S38: 1.93 | T38: 1.949 | U38: 1.949 | V38: 1 | W38: 0 | AA38: Road furniture work is in Progress
C39: C | D39: Improvements to MDR road from Devalapura -Kamalapura , ch.10.00 km to 18.00 Km (in selected reaches) in Hospet taluk, Ballary district. | E39: MDR HSP-14 | F39: 100/21-22 | G39: 700 | S39: 7.74 | T39: 7.633 | U39: 7.63 | V39: 0.99960697 | W39: 0.003 | AA39: Road furniture work is in Progress
C40: D | D40: Improvements to MDR Road from Kondanayakanahalii to Danapura via Nagenahalli Thanda, ch.0.00 km to 6.00 Km in Hosapete taluk, Ballary district | E40: MDR HSP 213 | F40: 108/21-22 | G40: 700 | S40: 2.78 | T40: 5.7 | U40: 0 | V40: 0 | W40: 5.7 | AA40: C & G work completed and work stopped
A41: 12 | B41: 445 | C41: A | D41: Improvements SH -131 road from Hampi to Kamalapura via Hagaribommnahally from ch.131.00 to ch 137.00 km, ch.140.00 to Ch 141.15.00 km & ch.153.00 to Ch 156.15 km in Kudligi taluk , Ballary district. | E41: SH-131(KDL44) | F41: 171/21-22 | G41: 1250 | H41: 2250 | I41: 1928.95 | J41: 2276.15 | K41: 210.5 | L41: 2486.65 | O41: Sri. Sali Basavarj , Hosapete | P41: 44727 | Q41: 45274 | S41: 7.1 | T41: 8.31 | U41: 6.1 | V41: 0.73405535 | W41: 2.21 | X41: 1686.43 | Y41: 0.67819355 | Z41: 800.22 | AA41: GSB work under progress
C42: B | D42: Improvements MDR road from Hosahalli to Kanamadagu via Hagaribommanahalli from ch.1.22 Km to ch .7.30 km & ch.7.70km to Ch 8.75 km in Kudligi taluk ,Ballary district. | E42: MDR KDL 13 | F42: 180/21-22 | G42: 1000 | S42: 6.7 | T42: 6.605 | U42: 6.605 | V42: 1 | W42: 0 | AA42: Road furniture work is in Progress
A43: 13 | B43: 593 | D43: Improvements SH -151 road from Itagi to Kanchikere via Chitageri,Kadabageri, Arasikere from ch.7.80 km to ch 25.00 km in Harapanahalli taluk, Ballary district. | E43: SH-151(HRP6) | F43: 181/21-22 | G43: 2150 | H43: 2150 | I43: 1841.5 | J43: 2203.11 | L43: 2203.11 | O43: Sri. M Eranna (M/s MECO Construction & Infra Tech Pvt Ltd), Manvi , | P43: 44687 | Q43: 45235 | S43: 10.25 | T43: 10.25 | U43: 3.05 | V43: 0.29756098 | W43: 7.2 | X43: 0 | Y43: 0 | Z43: 2203.11 | AA43: 3.05km Sub Grade to SDBC completed, Sub Grade work under progress
A44: 14 | B44: 446 | C44: A | D44: Improvements SH -45 road connecting Arabhavi and Challakere Via Gokak,Naragunda ch.217.80 km to ch 225.02 km in Hadagali taluk, Ballary district. | E44: SH-45(HDG202) | F44: 190/21-22 | G44: 950 | H44: 1900 | I44: 1621.59 | J44: 1908.21 | K44: 189.91 | L44: 2098.12 | O44: Sri Savajji Rajendraprasad (Varavi malleswara Contract Company Private Limited), Ballary , | P44: 44728 | Q44: 45275 | S44: 6.63 | T44: 6.63 | U44: 1.8 | V44: 0.27149321 | W44: 4.83 | X44: 495.63 | Y44: 0.23622576 | Z44: 1602.49 | AA44: 1.80km Sub Grade to BC completed, WMM work under progress
C45: B | D45: Improvements SH -131 road from Hampi to Kamalapura via Hagaribommanahalli from ch.159.00 km to ch 169.30 in Kudalagi taluk,Ballary district. | E45: SH-131(KDL44) | F45: 200/21-22 | G45: 950 | S45: 5.41 | T45: 5.41 | U45: 2.015 | V45: 0.37245841 | W45: 3.395 | AA45: Sub Grade-5.22km GSB-2.015km WMM-1.68km DBM-1.68km BC-1.68km CC Drain-0.510km CC - 0.335 km Culvert-01no
D46: Division total | G46: =SUM(G37:G45) -> 8600 | H46: =SUM(H37:H45) -> 8600 | I46: =SUM(I37:I45) -> 7353.7 | J46: =SUM(J37:J45) -> 8703.23 | K46: =SUM(K37:K45) -> 557.16 | L46: =SUM(L37:L45) -> 9260.39 | M46: =SUM(M37:M45) -> 0 | N46: =SUM(N37:N45) -> 0 | S46: =SUM(S37:S45) -> 51.07 | T46: =SUM(T37:T45) -> 55.717 | U46: =SUM(U37:U45) -> 32.379 | W46: =SUM(W37:W45) -> 23.338 | X46: =SUM(X37:X45) -> 3313.72 | Z46: =SUM(Z37:Z45) -> 5946.67
A47: Koppal Divison
A48: 15 | B48: 447 | D48: Improvements MDR road from Hosahalli to Koppala via Hirekasawadi,Halavarthi ch.0.00 km to ch 19.00 in Koppal taluk Koppal district. | E48: MDR 206(KOP206) | F48: 222/21-22 | G48: 950 | H48: 950 | I48: 815.76 | J48: 941.78 | L48: 941.78 | O48: Sri. Mallikarjuna H Ammapur, Lingasuguru | P48: 44757 | Q48: 45093 | S48: 3.36 | T48: 3.36 | U48: 2.05 | V48: 0.61011905 | W48: 1.31 | X48: 480.96 | Y48: 0.51069252 | Z48: 460.82 | AA48: 2.050 km GSB+DLC+PQC completed, 2nos Box culvert completed
A49: 16 | B49: 599 | D49: Improvement to SH-59 road from Kustagi- to Pattadakallu 0.00 km to 21.20 km ( in selected reaches) in Kushtagi taluk, Koppal district . | E49: SH-59 | F49: 250/21-22 | G49: 1000 | H49: 1000 | I49: 861.31 | J49: 1075.4 | K49: 156.49 | L49: 1231.89 | O49: Sri. Basavaraj Gowda Ganekal , Vijayapur | P49: 44718 | Q49: 45051 | S49: 5.3 | T49: 6 | U49: 6 | V49: 1 | W49: 0 | X49: 850.05 | Y49: 0.69003726 | Z49: 381.84 | AA49: Road furniture work is in Progress
A50: 17 | B50: 448 | C50: A | D50: Improvements MDR road from Ginigera to Irkalagada ch.3.00 km to ch 13.00 (selected reaches) in Koppal taluk ,Koppal district. | E50: MDR (KOP18) | F50: 300/21-22 | G50: 1000 | H50: 2250 | I50: 1935.72 | J50: 2438.92 | K50: 243.34 | L50: 2682.26 | O50: Sri. Sharana Gowda,Raichur | P50: 44743 | Q50: 45292 | S50: 5.28 | T50: 8.81 | U50: 5.28 | V50: 0.59931896 | W50: 3.53 | X50: 852.44 | Y50: 0.31780663 | Z50: 1829.82 | AA50: Sub Grade - 5.28 km B/s GSB - 5.28 km WMM-5.28 km BM-5.28 km SDBC-5.28 km Culvrts - 09 no
C51: B | D51: Improvements MDR road from Gaddi to Hampasadurga upto NH-13 Ch.13.10 km to ch.15.90 km in Koppal taluk ,Koppal district. | E51: MDR KOP219 | F51: 313/21-22 | G51: 300 | S51: 2.15 | T51: 2.15 | U51: 0 | V51: 0 | W51: 2.15 | AA51: Dropped
C52: C | D52: Improvements to SH-130 road from Yelburga-Kankagiri-Gangavathi-Munirabad , 70.00km to 74.00 and 79.00 km to 81.90 km in Gangavathi taluk Koppal District. | E52: SH-130 | F52: 333/21-22 | G52: 950 | S52: 3.79 | T52: 2.9 | U52: 0 | V52: 0 | W52: 2.9 | AA52: Sub Grade - 1.40 km GSB - 1.00 km Culverts - 15 no
A53: 18 | B53: 449 | D53: Improvements to SH-63 road from Raravi-Beluru Ch. 58.22 km to ch.75.42 km ( in selected reaches) in Kanakagiri taluk,Koppal District. | E53: SH-63(GAN94) | F53: 345/21-22 | G53: 2250 | H53: 2250 | I53: 1939.1 | J53: 2288.14 | K53: 225.65 | L53: 2513.79 | O53: Sri. G Srinivas Rao ( Karunamaya Construction Company),Koppala | P53: 44688 | Q53: 45254 | S53: 9.97 | T53: 10.21 | U53: 8 | V53: 0.78354554 | W53: 2.21 | X53: 1510.28 | Y53: 0.600798 | Z53: 1003.51 | AA53: Sub Grade-8.52 km GSB - 8.81 km WMM - 8.81 km DBM - 9.00 km BC - 8.00 km CC Drain - 0.425 km Culverts - 15 nos
D54: Division total | G54: =SUM(G48:G53) -> 6450 | H54: =SUM(H48:H53) -> 6450 | I54: =SUM(I48:I53) -> 5551.89 | J54: =SUM(J48:J53) -> 6744.24 | K54: =SUM(K48:K53) -> 625.48 | L54: =SUM(L48:L53) -> 7369.72 | M54: =SUM(M48:M53) -> 0 | N54: =SUM(N48:N53) -> 0 | S54: =SUM(S48:S53) -> 29.85 | T54: =SUM(T48:T53) -> 33.43 | U54: =SUM(U48:U53) -> 21.33 | W54: =SUM(W48:W53) -> 12.1 | X54: =SUM(X48:X53) -> 3693.73 | Z54: 4193.73
A55: Raichur Division
A56: 19 | B56: 452 | C56: A | D56: Improvements to SH-14 road from Ramadurga - Manvi via Badami,Pattadakallu,Hulagunda Ch:227.80 km to 236.00 in Manvi taluk, Raichur district. | E56: SH-14 | F56: 226/21-22 | G56: 500 | H56: 2000 | I56: 1722.03 | J56: 1745.03 | L56: 1745.03 | O56: Sri. Amaravaram Channa reddy ( ACR Projects), Bangalore | P56: 44755 | Q56: 45303 | S56: 2 | T56: 2 | U56: 0 | V56: 0 | W56: 2 | X56: 739.93 | Y56: 0.42402136 | Z56: 1005.1 | AA56: WMM andf CC drain work in progress
C57: B | D57: Improvements to MDR road from Kavithala to Veerapura cross via Anwari village, Ch:4.00 km to 13.30 km road via Anvaari village,in Lingasuguru& Manvi Taluk, Raichur district. | E57: MAN 33 | F57: 227/21-22 | G57: 500 | S57: 1.82 | T57: 1.82 | U57: 0 | V57: 0 | W57: 1.82 | AA57: WMM work under Progress, CC Drain & CC Road Work in Progress
C58: C | D58: Improvements to road from sindanooru taluk bappuru kuduthini lingasooguru ch KM 0.00 to 16.00 in Raichur District | E58: LIN 206 | F58: 207/21-22 | G58: 1000 | S58: 5.22 | T58: 5.22 | U58: 0 | V58: 0 | W58: 5.22 | AA58: BM work in progress @ Ch:0.00 to 2.50 Km
A59: 20 | B59: 453 | D59: Improvements to road from SH-23 to Mukunda-Singapura road via Channahalli,Sindrampura, Mavinamadaguch. 0.00 km to 15.70km ( In selected reaches) in Sindanooru taluk ,Raichur district. | E59: MDR-SIN228 | F59: 199/21-22 | G59: 1000 | H59: 1000 | I59: 861.65 | J59: 1059.83 | K59: 263.64 | L59: 1323.47 | O59: Sri. Karabasappa Gouda S Patil, Vijayapur | P59: 44755 | Q59: 45089 | S59: 4.705 | T59: 5.9 | U59: 4.71 | V59: 0.79830508 | W59: 1.19 | X59: 695 | Y59: 0.52513468 | Z59: 628.47 | AA59: Sub Grade work in progress @ Ch:14.00 to 15.00 Km
A60: 21 | B60: 454 | C60: A | D60: Improvements to MDR road from Gannadala to Jalahalli via Kakkaladoodi Kamaladinne, Maykaladoodi, Ch:0.00 km to 20.00km ( in Selected reaches) in Devadurga taluk, Raichur district. | E60: MDR DEV 209 | F60: 101/21-22 | G60: 2000 | H60: 2300 | I60: 1978.77 | J60: 2360.9 | K60: 233.46 | L60: 2594.36 | O60: Sri. M Eranna (M/s MECO Construction & Infra Tech Pvt Ltd), Manvi | P60: 44687 | Q60: 45235 | S60: 7.89 | T60: 9.77 | U60: 6 | V60: 0.61412487 | W60: 3.77 | X60: 1712.67 | Y60: 0.66015125 | Z60: 881.69 | AA60: BC Work is completed @ Ch: 6.00 to 7.80 Ch:8.00 to 9.45 Km and Ch:10.00 to 10.60 Km and Ch: 11.30 to 12.370KM,0.00 to 1.44 km WMM work in Progress
C61: B | D61: Improvements to MDR road from Maladakallu cross Malledevaragoodda via karadigooda, Jagatagallu) Ch:0.00 km to 18.00 km ( In selected reaches) in Devadurga taluk ,Raichur district | E61: MDR DEV 216 | F61: 131/21-22 | G61: 300 | S61: 1.44 | T61: 1.47 | U61: 1.47 | V61: 1 | W61: 0 | AA61: SDBC Work is completed @ Ch:3.61 to 4.04 Km and Ch:4.40 to 5.60 Km
A62: 22 | B62: 455 | C62: A | D62: Improvements to SH-61 road from Managooli-Bechaali upto NH-167 Ch. km 239.23 km to 241.19 km ( in Selected reaches) upto NH-167 in Raichur Taluk , Raichur district. | E62: SH-61 | F62: 141/21-22 | G62: 200 | H62: 950 | I62: 807.67 | J62: 742.7 | L62: 742.7 | O62: Sri. Venkatesh Yadav, Manvi | P62: 44701 | Q62: 45035 | S62: 1.02 | T62: 1.02 | U62: 0 | V62: 0 | W62: 1.02 | X62: 465.62 | Y62: 0.62692877 | Z62: 277.08 | AA62: BM work under Progress
C63: B | D63: Improvements to road from SH-13 (NH-167) Yaragera Gillesooguru via Gannadala Ch KM 0.00 to 20.78 ( in Selected reaches) in Raichur Taluk ,Raichur district. | E63: SH-13 | F63: 151/21-22 | G63: 500 | S63: 2.7 | T63: 2.7 | U63: 0 | V63: 0 | W63: 2.7 | AA63: BM work under Progress
C64: C | D64: Improvements to road from NH-167 connecting H-127 via Ashapura Udumagal, Purathipli road CH KM 5.70 to 9.00 in Raicur Taluk, Raichur District. | E64: MDR RA15 | F64: 161/21-22 | G64: 250 | S64: 1.52 | T64: 1.52 | U64: 0 | V64: 0 | W64: 1.52 | AA64: BM work under Progress
A65: 23 | B65: 456 | C65: A | D65: Improvements to MDR road from Raichur-Buradipadha Ch:0.00 km to 6.00 km ( in Selected reaches) in Raichur Taluk ,Raichur district. | E65: MDR RAI 6 | F65: 212/21-22 | G65: 700 | H65: 2200 | I65: 1875.75 | J65: 2244.6 | L65: 2244.6 | O65: Sri. M Eranna (M/s MECO Construction & Infra Tech Pvt Ltd), Manvi | P65: 44716 | Q65: 45265 | S65: 1.78 | T65: 1.78 | U65: 1.78 | V65: 1 | W65: 0 | X65: 283.06 | Y65: 0.1261071 | Z65: 1961.54 | AA65: PQC Work in Progress @ Ch 0.00 to 1.78 Km(RHS )
C66: B | D66: Improvements to MDR road connecting Raichur and SH-127 via Ashapura, Purthipalli ch. 0.00 km to 5.00 km ( in Selected reaches) Raichur Taluk Raichur district | E66: MDR RAI 5 | F66: 242/21-22 | G66: 700 | S66: 1.85 | T66: 1.85 | U66: 0.77 | V66: 0.41621622 | W66: 1.08 | AA66: Curing Work in Progress @ Ch 1.480 to 2.40 Km
C67: C | D67: Improvements to MDR road from SH-167 ( Devasooguru Katagooda road) to Raichur -Yaklasapura via Ambavadi ch. 1.72 km to 3.10 km in Raichur taluk, Raichur District | E67: MDR RAI 215 | F67: 272/21-22 | G67: 300 | S67: 1.41 | T67: 1.41 | U67: 0 | V67: 0 | W67: 1.41 | AA67: Work dropped
C68: D | D68: Improvements to MDR road from Basavana bhavi circle of Raichur -Singanodi road to Vidhanasaba nagara Ricemill ,ch. 0.00 km to 8.00 km ( selected reaches) in Raichur taluk , Raichur District. | E68: MDR RAI 206 | F68: 228/21-22 | G68: 500 | S68: 1.11 | T68: 1.11 | U68: 0 | V68: 0 | W68: 1.11 | AA68: Scarification work in Progress
D69: Division total | G69: =SUM(G56:G68) -> 8450 | H69: =SUM(H56:H68) -> 8450 | I69: =SUM(I56:I68) -> 7245.87 | J69: =SUM(J56:J68) -> 8153.06 | K69: =SUM(K56:K68) -> 497.1 | L69: =SUM(L56:L68) -> 8650.16 | M69: =SUM(M56:M68) -> 0 | N69: =SUM(N56:N68) -> 0 | S69: =SUM(S56:S68) -> 34.465 | T69: =SUM(T56:T68) -> 37.57 | U69: =SUM(U56:U68) -> 14.73 | W69: =SUM(W56:W68) -> 22.84 | X69: =SUM(X56:X68) -> 3896.28 | Z69: =SUM(Z56:Z68) -> 4753.88
D70: Ballary Circle Total | G70: =G69+G54+G46+G35 -> 25850 | H70: =H69+H54+H46+H35 -> 25850 | I70: =I69+I54+I46+I35 -> 22162.01 | J70: =J69+J54+J46+J35 -> 25827.94 | K70: =K69+K54+K46+K35 -> 1769.53 | L70: =L69+L54+L46+L35 -> 27597.47 | M70: =M69+M54+M46+M35 -> 0 | N70: =N69+N54+N46+N35 -> 0 | S70: =S69+S54+S46+S35 -> 122.325 | T70: =T69+T54+T46+T35 -> 134.257 | U70: =U69+U54+U46+U35 -> 72.464 | W70: =W69+W54+W46+W35 -> 61.793 | X70: =X69+X54+X46+X35 -> 11779.93 | Z70: =Z69+Z54+Z46+Z35 -> 16335.28
A71: Dharwad Cricle
A72: Dharwad Division
A73: 24 | B73: 457 | C73: A | D73: Improvements to Padubidri-Chikkalagudda SH-01 from Ch: 340.30 to 356.97 Km (in selected reaches) in Kalaghatagi taluk of Dharwad District. | E73: SH-01 | F73: 39 | G73: 1900 | H73: 2250 | I73: 1939.79 | J73: 2164.61 | K73: 407.97 | L73: 2572.58 | O73: Sri. Mallikarjun Siddaramappa Patil | P73: 21.09.2022 | Q73: 20.03.2024 | S73: 9.695 | T73: 9.695 | U73: 7.3 | V73: 0.75296545 | W73: 2.395 | X73: 1327.41 | Y73: 0.51598395 | Z73: 1245.17 | AA73: 7.300 km BC Completed, Balance 2.395km WMM work in progress
C74: B | D74: Improvements to Managundi-Tadasinakoppa from Ch: 0.00 Km to 5.00 Km (in selected reaches) in Dharwad taluk of Dharwad District. | E74: MDR | F74: 40 | G74: 350 | S74: 2.04 | T74: 2.62 | U74: 0 | V74: 0 | W74: 2.62 | AA74: 1.874 Km WMM Completed, Balance work in Progress
A75: 25 | B75: 458 | C75: A | D75: Improvements to Beedi-Belavanaki SH-56 from Ch: 62.40 to 69.28 Km (in selected reaches) in Navalagund taluk of Dharwad District. | E75: SH-56 | F75: 41 | G75: 1020 | H75: 2300 | I75: 1980.05 | J75: 2330.44 | L75: 2330.44 | O75: Sri. Mallikarjun B Kallur (M B Kallur Infrastructure Company) | P75: 02-08-2022 | Q75: 45323 | S75: 6.42 | T75: 6.42 | U75: 0 | V75: 0 | W75: 6.42 | X75: 557.44 | Y75: 0.23919946 | Z75: 1773 | AA75: 6.42 km GSB,5.00km WMM & DBM 5.00km completed, Balance work in Progress
C76: B | D76: Improvements to Supa-Annigeri SH-28 from Ch:108.77 to 114.77 Km (in selected reaches) in Navalagund taluk of Dharwad District. | E76: SH-28 | F76: 42 | G76: 280 | S76: 1.53 | T76: 1.53 | U76: 0 | V76: 0 | W76: 1.53 | AA76: C & G is in progress
C77: C | D77: Improvements to Supa-Annigeri SH-28 from Ch: 84.70 to 99.30 Km (in selected reaches) in Hubballi taluk of Dharwad District. | E77: SH-28 | F77: 43 | G77: 1000 | S77: 6.42 | T77: 6.42 | U77: 0 | V77: 0 | W77: 6.42 | AA77: 6.42 km GSB completed, 5.90 km WMM & DBM completed. Balance work in progress
A78: 26 | B78: 459 | C78: A | D78: Improvements to Samshi-Gudageri road from 0.0 to 11.0Km in Kundagol taluka | E78: MDR | F78: 48 | G78: 850 | H78: 2200 | I78: 1890.89 | J78: 2171.13 | K78: 521.83 | L78: 2692.96 | O78: Sri.Chandrashekhar Appasaheb Biradar | P78: 03-08-2022 | Q78: 45324 | S78: 6.45 | T78: 6.45 | U78: 0 | V78: 0 | W78: 6.45 | X78: 820 | Y78: 0.30449765 | Z78: 1872.96 | AA78: 6.45 km GSB, 2.4 km WMM Completed, Balance WMM work in Progrss
C79: B | D79: Improvements to Pashupatihal-Rottigavad MDR road Ch 0.0km to 3.18Km, 3.9 to 9.3Km and 11.00 to 13.5Km in Kundagol tq. | E79: MDR | F79: 49 | G79: 750 | S79: 5.73 | T79: 9.702 | U79: 0 | V79: 0 | W79: 9.702 | AA79: 9.00 km Subgrade completed, Balance work in Progress
C80: C | D80: Improvements to Hireharakuni Shishuvinal road upto Kundagol tq limit (MDR) from Ch: 0.00 Km to 5.16 Km in Kundagol tq . | E80: MDR | F80: 58 | G80: 450 | S80: 3.75 | T80: 3.75 | U80: 0 | V80: 0 | W80: 3.75 | AA80: 3.75 km BM completed. Balance work in Progress
C81: D | D81: Improvements to Varur-Hindasageri via (NH-04) from Surashettikoppa road upto Hubballi city limit road (MDR) from Ch: 0.0 Km to 2.0Km (in selected reaches) in Hubballi tq of Dharwad District. | E81: MDR | F81: 71 | G81: 150 | S81: 1.6 | T81: 1.72 | U81: 0 | V81: 0 | W81: 1.72 | AA81: 1.60 Km BM completed. Balance work in Progress
A82: 27 | B82: 460 | D82: Improvements to Veerapura Toll-Manturu MDR road from Ch: 0.40 to 3.00 Km (in selected reaches) in Hubballi taluk of Dharwad District. | E82: MDR | F82: 73 | G82: 950 | H82: 950 | I82: 819.34 | J82: 1005.17 | K82: 99.02 | L82: 1104.19 | O82: Sri Chandrashekhar Appasaheb Biradar | P82: 06-07-2022 | Q82: 05-06-2023 | S82: 2.08 | T82: 2.1 | U82: 0.26 | V82: 0.12380952 | W82: 1.84 | X82: 436.85 | Y82: 0.39562938 | Z82: 667.34 | AA82: 2.075 km GSB, 0.975 km DLC, 0.975 km PQC completed, Balance work in Progress
A83: 28 | B83: 461 | C83: A | D83: Improvements from Anand Nagar Main Road to Gokul Main Road ( opposite RN Shetty Factory) in Hubballi taluk of Dharwad District. | E83: MDR | F83: 74 | G83: 700 | H83: 1700 | I83: 1450.36 | J83: 1562.04 | K83: 155.47 | L83: 1717.51 | O83: Sri. Bhimshi Siddappa Biradar (B S Biradar) | P83: 18-06-2022 | Q83: 17-12-2023 | S83: 1.301 | T83: 1.59 | U83: 0 | V83: 0 | W83: 1.59 | X83: 671.2 | Y83: 0.39079831 | Z83: 1046.31 | AA83: Subgrade work in progress
C84: B | D84: Improvements to BRTS Road to Jakka Reddy Hospital, Lokappana Hakkala, Railway Underpass connecting to NH Division Office Adjoining to Vidyanagar Police Station, Lakshmi Temple in Hubballi Dharwad Mahanagar, Hubballi tq of Dharwad District. | E84: MDR | F84: 75 | G84: 600 | S84: 2.29 | T84: 2.146 | U84: 2.146 | V84: 1 | W84: 0 | AA84: work Completed
C85: C | D85: Improvements to Hubballi Basaveshwara Nagar Gokul Road to join Ravi Nagar Road in Hubballi taluk of Dharwad District. | E85: MDR | F85: 76 | G85: 400 | S85: 1.46 | T85: 1.762 | U85: 1.762 | V85: 1 | W85: 0 | AA85: work Completed
A86: 29 | B86: 462 | D86: PKG-462 Improvements to Beedi-Belavanaki SH-56 from Ch: 33.42 to 48.83Km (in selected reaches) in Dharwad taluk of Dharwad District. | E86: SH-56 | F86: 78 | G86: 2250 | H86: 2250 | I86: 1939.47 | J86: 2115.98 | K86: 437.24 | L86: 2553.22 | O86: M/s M B Kallur Infrastructure Company | P86: 02-08-2022 | Q86: 01-02-2024 | S86: 13.72 | T86: 13.18 | U86: 0 | V86: 0 | W86: 13.18 | X86: 856.1 | Y86: 0.33530209 | Z86: 1697.12 | AA86: 4.71 km DBM completed, Balance work in Progress
A87: 30 | B87: 463 | C87: A | D87: Improvements to Supa-Annigeri SH-28 from Ch: 67.0Km to 68.5 Km in Dharwad Tq. | E87: SH-28 | F87: 79 | G87: 1210 | H87: 2300 | I87: 1967.98 | J87: 2279.16 | L87: 2279.16 | O87: Sri. Beeranna Subray Gaonkar (BSG Infrastructure) | P87: 06-07-2022 | Q87: 05-01-2024 | S87: 1.55 | T87: 1.55 | U87: 0 | V87: 0 | W87: 1.55 | X87: 335 | Y87: 0.14698398 | Z87: 1944.16 | AA87: Not Yet Strated
C88: B | D88: Improvements to Gokul cross-Tarihala- Kanavi-Honnapur MDR from Ch: 4.2Km to 4.8Km and 6.2Km to 8.4Km in Hubballi tq. | E88: MDR | F88: 80 | G88: 480 | S88: 0.814 | T88: 0.814 | U88: 0.214 | V88: 0.26289926 | W88: 0.6 | AA88: 0.214 km PQC Completed. Balance work in Progress
C89: C | D89: Improvements to Ittigatti-Kanavihonnapur MDR from Ch: 0.0 to 2.0Km in Dharwad tq. | E89: MDR | F89: 86 | G89: 220 | S89: 1.485 | T89: 1.485 | U89: 0 | V89: 0 | W89: 1.485 | AA89: 1.485 km DBM completed. Balance work in progress
C90: D | D90: Improvements to Gokul-Revadihal-Tarihal MDR road from Ch: 0.0 to 6.2Km (in selected reaches) in Hubballi taluk of Dharwad District. | E90: MDR | F90: 87 | G90: 390 | S90: 3.24 | T90: 3.24 | U90: 3.24 | V90: 1 | W90: 0 | AA90: 2.59Km BC, 0.65 PQC completed,Road Furnitures work in progress
D91: Division Total | G91: =SUM(G73:G90) -> 13950 | H91: =SUM(H73:H90) -> 13950 | I91: =SUM(I73:I90) -> 11987.88 | J91: =SUM(J73:J90) -> 13628.53 | K91: =SUM(K73:K90) -> 1621.53 | L91: =SUM(L73:L90) -> 15250.06 | M91: =SUM(M73:M90) -> 0 | N91: =SUM(N73:N90) -> 0 | S91: =SUM(S73:S90) -> 71.575 | T91: =SUM(T73:T90) -> 76.174 | U91: =SUM(U73:U90) -> 14.922 | W91: =SUM(W73:W90) -> 61.252 | X91: =SUM(X73:X90) -> 5004 | Z91: =SUM(Z73:Z90) -> 10246.06
A92: Gadag Division
A93: 31 | B93: 464 | C93: A | D93: Improvements to Kalasapur-Mahalingapura- Anganakatti road (MDR) from Ch: 21.00 Km to 29.00 Km ( in selected reaches) in Gadag taluk of Gadag Dist. | E93: MDR | F93: 89 | G93: 640 | H93: 2000 | I93: 1722.68 | J93: 1944.89 | K93: 479.42 | L93: 2424.31 | O93: Sri K.V Hanchinal, Mundargi | P93: 18-06-2022 | Q93: 17-12-2023 | S93: 4.81 | T93: 7.33 | U93: 4.81 | V93: 0.65620737 | W93: 2.52 | X93: 995.42 | Y93: 0.4105993 | Z93: 1428.89 | AA93: 4.81km Road work Completed. 2.52 Km WMM work in Progress
C94: B | D94: Improvements to Asundi-Kurtkoti-Mulagunda road (MDR) Ch: 2.20 Km to 8.00 Km and 8.60 Km to 10.00 Km (in selected reaches) in Gadag taluk of Gadag Dist. | E94: MDR | F94: 109 | G94: 640 | S94: 3.98 | T94: 3.98 | U94: 3.68 | V94: 0.92462312 | W94: 0.3 | AA94: 0.300km WMM Completed
C95: C | D95: Improvements to Kalasapur-Mahalingapura- Anganakatti road Ch:0.30 Km to 2.60 and Ch: 7.00 Km to 21.00 (in selected reaches) in Gadag taluk of Gadag Dist. | E95: MDR | F95: 116 | G95: 720 | S95: 4.09 | T95: 4.09 | U95: 3.79 | V95: 0.92665037 | W95: 0.3 | AA95: 0.300km WMM Completed
A96: 32 | B96: 467 | C96: A | D96: Improvements to Hallikeri-Shirahatti road (MDR) from Ch: 0.00 to 26.00 (in selected reaches) in Mundaragi taluk of Gadag Dist. | E96: MDR | F96: 139 | G96: 1735 | H96: 3100 | I96: 2671.98 | J96: 3331.77 | L96: 3331.77 | O96: Sri. H. P. Madhukar & Company, Hubli | P96: 21-06-2022 | Q96: 20-12-2023 | S96: 10.51 | T96: 10.51 | U96: 8.59 | V96: 0.81731684 | W96: 1.92 | X96: 1185 | Y96: 0.35566681 | Z96: 2146.77 | AA96: 7.00 Km BC, 1.59Km PQC Completed, Balance 1.92 GSB Work in progress
C97: B | D97: Improvements to Gajendragada-Soraba Sh-136 from Ch: 23.70 to 36.00 Km (in selected reaches) in Ron taluk of Gadag Dist. | E97: SH-136 | F97: 158 | G97: 1365 | S97: 8.96 | T97: 8.96 | U97: 0 | V97: 0 | W97: 8.96 | AA97: 3.14km SG,3.14km GSB &0.400 Km WMM Completed
D98: Division Total | G98: =SUM(G93:G97) -> 5100 | H98: =SUM(H93:H97) -> 5100 | I98: =SUM(I93:I97) -> 4394.66 | J98: =SUM(J93:J97) -> 5276.66 | K98: =SUM(K93:K97) -> 479.42 | L98: =SUM(L93:L97) -> 5756.08 | M98: =SUM(M93:M97) -> 0 | N98: =SUM(N93:N97) -> 0 | S98: =SUM(S93:S97) -> 32.35 | T98: =SUM(T93:T97) -> 34.87 | U98: =SUM(U93:U97) -> 20.87 | W98: =SUM(W93:W97) -> 14 | X98: =SUM(X93:X97) -> 2180.42 | Z98: =SUM(Z93:Z97) -> 3575.66
A99: Haveri Division
A100: 33 | B100: 468 | C100: A | D100: Improvements to Kalmala Shiggoan Sh-23 road from Ch: 284.51 Km to 294.51 Km (In Selected reaches) in Shiggoan taluk of Haveri District. | E100: SH-23 | F100: 159 | G100: 1575 | H100: 2775 | I100: 2391.65 | J100: 2846.55 | K100: 676.41 | L100: 3522.96 | O100: Sri S B Dundigoudar (Bannur Infrastructures Private Limited) | P100: 03-08-2022 | Q100: 02-02-2024 | S100: 8.225 | T100: 9.42 | U100: 8.38 | V100: 0.8895966 | W100: 1.04 | X100: 2460.93 | Y100: 0.69854043 | Z100: 1062.03 | AA100: 8.38 km BC Completed, Balance 1.04 km WMM work in Progress.
C101: B | D101: Improvements to Kalmala Shiggoan Sh-23 road from Ch: 294.51 Km to 303.200 Km (in selected reaches) in Shiggoan taluk of Haveri District. | E101: SH-23 | F101: 169 | G101: 1200 | S101: 6.617 | T101: 9.22 | U101: 6.617 | V101: 0.71767896 | W101: 2.603 | AA101: 6.617km BC Completed, Balance2.60 km GSB work in progress
...

Sheet Sheet1
A1: 3403.88
A2: 3136.16 | D2: 3403.88
A3: 3829.49 | D3: 3136.16
A4: 3391.67 | D4: 3829.49
A5: 1697.15 | D5: 3444.526
A6: =SUM(A1:A5) -> 15458.35 | D6: 2021.336
D8: =SUM(D2:D7) -> 15835.392
K10: 3403.88
K11: 3136.16
K12: 3829.49
K14: 3444.526
K15: 2071.593
K16: =K15+K14+K12+K11+K10 -> 15885.649 | L16: 15885.653
C20: V stage-I Nov | D20: 0 | E20: 23.83 | F20: 15.223 | G20: 0 | H20: 39.053
C21: V stage-I October | D21: 0 | E21: 11.9 | F21: 11.26 | G21: 0 | H21: 23.16
C22: diff | D22: =D20-D21 -> 0 | E22: =E20-E21 -> 11.93 | F22: =F20-F21 -> 3.963 | G22: =G20-G21 -> 0 | H22: =H20-H21 -> 15.893
C26: 3403.88
C27: 3136.16
C28: 3829.49
C29: 3455.33
C30: 2191.97
C31: 480.62
C32: =SUM(C26:C31) -> 16497.45
C35: 3403.88
C36: 3136.16
C37: 3829.49
C38: 3460.3
C39: 2248.93
C40: 819.65
C41: =SUM(C35:C40) -> 16898.41
C43: 16898.41

Sheet Sheet5
A1: 2022-23 | D1: 2023-24
A2: 2933.83 | D2: 3338.813 | E2: 1387.52
A3: 3325.42 | B3: 1190.76 | D3: 3396.12 | E3: 1728.85
A4: =A3-A2 -> 391.59 | B4: =B3-B2 -> 1190.76 | D4: =D3-D2 -> 57.307 | E4: =E3-E2 -> 341.33 | F4: =SUM(A4:E4) -> 1980.987
A7: 4517 | B7: 4944.41 | C7: 4524.11
A8: 3468.75 | B8: 3888.64 | C8: 1857.71
A9: =SUM(A7:A8) -> 7985.75 | B9: =SUM(B7:B8) -> 8833.05 | C9: =SUM(C7:C8) -> 6381.82
E11: 3403.88
E12: 3136.16
E13: 3829.49
E14: 3444.526
E15: 2055.842
A22: 3403.88
A23: 3136.16
A24: 3829.49
A25: 3460.3
A26: 2269.65
A27: 936.31
A28: =SUM(A22:A27) -> 17035.79 | B28: 17035.79
